Workbook

Sheet Read Me
B10: File: | C10: {=MID(CELL("filename",A1),FIND("[",CELL("filename",A1))+1,FIND("]", CELL("filename",A1))-FIND("[",CELL("filename",A1))-1)} -> Liq_Model_PartC_v1.xlsx
B11: Version: | C11: 1

Sheet Bottom Up (C)
A1: Capitalization Table Summary
B3: Shareholdings: | C3: Modeled Shares | D3: Shares (per Cap Table) | E3: Difference | F3: FD Ownership %
B4: (placeholder) | C4: 0 | D4: 0 | E4: =C4-D4 -> 0 | F4: =D4/$D$14 -> 0
B5: Series C | C5: 3000000 | D5: 3000000 | E5: =C5-D5 -> 0 | F5: =D5/$D$14 -> 0.16666667
B6: Series B | C6: 2500000 | D6: 2500000 | E6: =C6-D6 -> 0 | F6: =D6/$D$14 -> 0.13888889
B7: Series A | C7: 2500000 | D7: 2500000 | E7: =C7-D7 -> 0 | F7: =D7/$D$14 -> 0.13888889
B8: Common | C8: 7500000 | D8: 7500000 | E8: =C8-D8 -> 0 | F8: =D8/$D$14 -> 0.41666667
B9: Common Options Z | C9: 500000 | D9: 500000 | E9: =C9-D9 -> 0 | F9: =D9/$D$14 -> 0.027777778
B10: Common Options Y | C10: 500000 | D10: 500000 | E10: =C10-D10 -> 0 | F10: =D10/$D$14 -> 0.027777778
B11: Common Options X | C11: 500000 | D11: 500000 | E11: =C11-D11 -> 0 | F11: =D11/$D$14 -> 0.027777778
B12: Subtotal (Issued and Outstanding) | C12: =SUM(C4:C11) -> 17000000 | D12: =SUM(D4:D11) -> 17000000 | E12: =SUM(E4:E11) -> 0 | F12: =SUM(F4:F11) -> 0.94444444
B13: Common Options (Remaining for issuance) | C13: 1000000 | D13: 1000000 | E13: =C13-D13 -> 0 | F13: =D13/$D$14 -> 0.055555556
B14: Total (Fully Diluted Shares) | C14: =C12+C13 -> 18000000 | D14: =D12+D13 -> 18000000 | E14: =C14-D14 -> 0 | F14: =+F12+F13 -> 1
A17: Equity Parameters
B19: Equity | C19: Shares Issued and Outstanding | D19: Ownership % | E19: Original Issue Price | F19: Investment | G19: Liquidation Multiple | H19: Liquidation Preference Amount | I19: Warrant/Option Strike Price | J19: Breakpoint Price per Common Share
B20: (placeholder) | C20: =C4 -> 0 | D20: =C20/$C$29 -> 0
B21: Series C | C21: =C5 -> 3000000 | D21: =C21/$C$29 -> 0.16666667 | E21: =IFERROR(F21/C21,0) -> 20 | F21: 60000000 | G21: 1 | H21: =C21*E21*G21 -> 60000000 | J21: =+H21/C21 -> 20
B22: Series B | C22: =C6 -> 2500000 | D22: =C22/$C$29 -> 0.13888889 | E22: =IFERROR(F22/C22,0) -> 6 | F22: 15000000 | G22: 1 | H22: =C22*E22*G22 -> 15000000 | J22: =+H22/C22 -> 6
B23: Series A | C23: =C7 -> 2500000 | D23: =C23/$C$29 -> 0.13888889 | E23: =IFERROR(F23/C23,0) -> 2 | F23: 5000000 | G23: 1 | H23: =C23*E23*G23 -> 5000000 | J23: =+H23/C23 -> 2
B24: Common | C24: =C8 -> 7500000 | D24: =C24/$C$29 -> 0.41666667
B25: Common Options Z | C25: =+C9 -> 500000 | I25: 2 | J25: =I25 -> 2
B26: Common Options Y | C26: =+C10 -> 500000 | I26: 4 | J26: =I26 -> 4
B27: Common Options X | C27: =+C11 -> 500000 | I27: 6 | J27: =I27 -> 6
B28: Common Options R | C28: =+C13 -> 1000000 | D28: =C28/$C$29 -> 0.055555556 | I28: 20 | J28: =I28 -> 20
B29: Equity Total | C29: =SUM(C21:C28) -> 18000000 | D29: =SUM(D21:D28) -> 0.91666667 | F29: =SUM(F21:F28) -> 80000000 | H29: =SUM(H21:H28) -> 80000000
A32: Liquidation Model
C33: 1 | D33: 2 | E33: 3 | F33: 4 | G33: 5 | H33: 6 | I33: 7 | J33: 8 | K33: 9 | L33: 10 | M33: 11 | N33: 12
B34: Sale Price | C34: 0 | D34: 20000000 | E34: =E41-E39 -> 80000000 | F34: =F41-F39 -> 95000000 | G34: =G41-G39 -> 100000000 | H34: =H41-H39 -> 115000000 | I34: =I41-I39 -> 136000000 | J34: =J41-J39 -> 158000000 | K34: =K41-K39 -> 186000000 | L34: =L41-L39 -> 354000000 | ... N34: =N41-N39 -> 1020000000
B35: Debt
B36: (placeholder) | C36: 0 | D36: 0 | E36: 0 | F36: 0 | G36: 0 | H36: 0 | I36: 0 | J36: 0 | K36: 0 | L36: 0 | M36: 0 | N36: 0
B37: Term Loan 1 | C37: -5000000 | D37: =C37 -> -5000000 | E37: =D37 -> -5000000 | F37: =E37 -> -5000000 | G37: =F37 -> -5000000 | H37: =G37 -> -5000000 | I37: =H37 -> -5000000 | J37: =I37 -> -5000000 | K37: =J37 -> -5000000 | ... N37: =M37 -> -5000000
B38: Term Loan 2 | C38: -15000000 | D38: =C38 -> -15000000 | E38: =D38 -> -15000000 | F38: =E38 -> -15000000 | G38: =F38 -> -15000000 | H38: =G38 -> -15000000 | I38: =H38 -> -15000000 | J38: =I38 -> -15000000 | K38: =J38 -> -15000000 | ... N38: =M38 -> -15000000
B39: Debt Total | C39: =SUM(C36:C38) -> -20000000 | D39: =SUM(D36:D38) -> -20000000 | E39: =SUM(E36:E38) -> -20000000 | F39: =SUM(F36:F38) -> -20000000 | G39: =SUM(G36:G38) -> -20000000 | H39: =SUM(H36:H38) -> -20000000 | I39: =SUM(I36:I38) -> -20000000 | J39: =SUM(J36:J38) -> -20000000 | ... N39: =SUM(N36:N38) -> -20000000
B41: Equity Proceeds | C41: =C34+C39 -> -20000000 | D41: =D34+D39 -> 0 | E41: =E58 -> 60000000 | F41: =F58 -> 75000000 | G41: =G58 -> 80000000 | H41: =H58 -> 95000000 | I41: =I58 -> 116000000 | J41: =J58 -> 138000000 | K41: =K58 -> 166000000 | L41: =L58 -> 334000000 | ... N41: =N58 -> 1000000000
B43: Breakpoint Event: | C43: Total Loss | D43: Debt Coverage | E43: Series C Liquidation Preference | F43: Series B Liquidation Preference | G43: Series A Liquidation Preference | H43: Common Participation | I43: Common Options @ $2.00 Exercise; Series A Conversion | J43: Common Options @ $4.00 Exercise | K43: Common Options @ $8.00 Exercise; Series B Conversion | L43: Common Options @ $20.00 Exercise | M43: Series D Conversion | N43: Top End | O43: All Securities Participate Pro Rata
B44: Breakpoint #: | C44: 1 | D44: 2 | E44: 3 | F44: 4 | G44: 5 | H44: 6 | I44: 7 | J44: 8 | K44: 9 | L44: 10 | M44: 11 | N44: 12
B46: Breakpoint Price per Common Share: | C46: 0 | D46: 0 | E46: 0 | F46: 0 | G46: 0 | H46: 2 | I46: 4 | J46: 6 | K46: 8 | L46: 20 | M46: 25 | N46: 57 | O46: Infinity
B48: Breakpoint Proceeds:
B49: (placeholder)
B50: Series C | E50: =MAX($H$21,$C$21*E$46) -> 60000000 | F50: =MAX($H$21,$C$21*F$46) -> 60000000 | G50: =MAX($H$21,$C$21*G$46) -> 60000000 | H50: =MAX($H$21,$C$21*H$46) -> 60000000 | I50: =MAX($H$21,$C$21*I$46) -> 60000000 | J50: =MAX($H$21,$C$21*J$46) -> 60000000 | K50: =MAX($H$21,$C$21*K$46) -> 60000000 | L50: =MAX($H$21,$C$21*L$46) -> 60000000 | ... N50: =MAX($H$21,$C$21*N$46) -> 171000000 | O50: Pro Rata
B51: Series B | F51: =MAX($H$22,$C$22*F$46) -> 15000000 | G51: =MAX($H$22,$C$22*G$46) -> 15000000 | H51: =MAX($H$22,$C$22*H$46) -> 15000000 | I51: =MAX($H$22,$C$22*I$46) -> 15000000 | J51: =MAX($H$22,$C$22*J$46) -> 15000000 | K51: =MAX($H$22,$C$22*K$46) -> 20000000 | L51: =MAX($H$22,$C$22*L$46) -> 50000000 | M51: =MAX($H$22,$C$22*M$46) -> 62500000 | N51: =MAX($H$22,$C$22*N$46) -> 142500000 | O51: Pro Rata
B52: Series A | G52: =MAX($H$23,$C$23*G$46) -> 5000000 | H52: =MAX($H$23,$C$23*H$46) -> 5000000 | I52: =MAX($H$23,$C$23*I$46) -> 10000000 | J52: =MAX($H$23,$C$23*J$46) -> 15000000 | K52: =MAX($H$23,$C$23*K$46) -> 20000000 | L52: =MAX($H$23,$C$23*L$46) -> 50000000 | M52: =MAX($H$23,$C$23*M$46) -> 62500000 | N52: =MAX($H$23,$C$23*N$46) -> 142500000 | O52: Pro Rata
B53: Common | H53: =$C$24*H$46 -> 15000000 | I53: =$C$24*I$46 -> 30000000 | J53: =$C$24*J$46 -> 45000000 | K53: =$C$24*K$46 -> 60000000 | L53: =$C$24*L$46 -> 150000000 | M53: =$C$24*M$46 -> 187500000 | N53: =$C$24*N$46 -> 427500000 | O53: Pro Rata
B54: Common Options Z | I54: =$C$25*(I$46-$I$25) -> 1000000 | J54: =$C$25*(J$46-$I$25) -> 2000000 | K54: =$C$25*(K$46-$I$25) -> 3000000 | L54: =$C$25*(L$46-$I$25) -> 9000000 | M54: =$C$25*(M$46-$I$25) -> 11500000 | N54: =$C$25*(N$46-$I$25) -> 27500000
B55: Common Options Y | J55: =$C$26*(J$46-$I$26) -> 1000000 | K55: =$C$26*(K$46-$I$26) -> 2000000 | L55: =$C$26*(L$46-$I$26) -> 8000000 | M55: =$C$26*(M$46-$I$26) -> 10500000 | N55: =$C$26*(N$46-$I$26) -> 26500000
B56: Common Options X | K56: =$C$27*(K$46-$I$27) -> 1000000 | L56: =$C$27*(L$46-$I$27) -> 7000000 | M56: =$C$27*(M$46-$I$27) -> 9500000 | N56: =$C$27*(N$46-$I$27) -> 25500000
B57: Common Options R | L57: =$C$28*(L$46-$I$28) -> 0 | M57: =$C$28*(M$46-$I$28) -> 5000000 | N57: =$C$28*(N$46-$I$28) -> 37000000
B58: Breakpoint Range (Max): | C58: =SUM(C49:C57) -> 0 | D58: =SUM(D49:D57) -> 0 | E58: =SUM(E49:E57) -> 60000000 | F58: =SUM(F49:F57) -> 75000000 | G58: =SUM(G49:G57) -> 80000000 | H58: =SUM(H49:H57) -> 95000000 | I58: =SUM(I49:I57) -> 116000000 | J58: =SUM(J49:J57) -> 138000000 | ... N58: =SUM(N49:N57) -> 1000000000 | O58: Infinity
B59: Breakpoint Range (Min): | C59: 0 | D59: =C58 -> 0 | E59: =D58 -> 0 | F59: =E58 -> 60000000 | G59: =F58 -> 75000000 | H59: =G58 -> 80000000 | I59: =H58 -> 95000000 | J59: =I58 -> 116000000 | K59: =J58 -> 138000000 | ... N59: =M58 -> 424000000
B61: Common Options Total Proceeds:
B63: # of Shares:
B64: (placeholder) | C64: =VLOOKUP($B64,$B$20:$C$28,2,FALSE) -> 0 | D64: =VLOOKUP($B64,$B$20:$C$28,2,FALSE) -> 0 | E64: =VLOOKUP($B64,$B$20:$C$28,2,FALSE) -> 0 | F64: =VLOOKUP($B64,$B$20:$C$28,2,FALSE) -> 0 | G64: =VLOOKUP($B64,$B$20:$C$28,2,FALSE) -> 0 | H64: =VLOOKUP($B64,$B$20:$C$28,2,FALSE) -> 0 | I64: =VLOOKUP($B64,$B$20:$C$28,2,FALSE) -> 0 | J64: =VLOOKUP($B64,$B$20:$C$28,2,FALSE) -> 0 | ... L64: =VLOOKUP($B64,$B$20:$C$28,2,FALSE) -> 0
B65: Series C | C65: =VLOOKUP($B65,$B$20:$C$28,2,FALSE) -> 3000000 | D65: =VLOOKUP($B65,$B$20:$C$28,2,FALSE) -> 3000000 | E65: =VLOOKUP($B65,$B$20:$C$28,2,FALSE) -> 3000000 | F65: =VLOOKUP($B65,$B$20:$C$28,2,FALSE) -> 3000000 | G65: =VLOOKUP($B65,$B$20:$C$28,2,FALSE) -> 3000000 | H65: =VLOOKUP($B65,$B$20:$C$28,2,FALSE) -> 3000000 | I65: =VLOOKUP($B65,$B$20:$C$28,2,FALSE) -> 3000000 | J65: =VLOOKUP($B65,$B$20:$C$28,2,FALSE) -> 3000000 | ... N65: =VLOOKUP($B65,$B$20:$C$28,2,FALSE) -> 3000000
B66: Series B | C66: =VLOOKUP($B66,$B$20:$C$28,2,FALSE) -> 2500000 | D66: =VLOOKUP($B66,$B$20:$C$28,2,FALSE) -> 2500000 | E66: =VLOOKUP($B66,$B$20:$C$28,2,FALSE) -> 2500000 | F66: =VLOOKUP($B66,$B$20:$C$28,2,FALSE) -> 2500000 | G66: =VLOOKUP($B66,$B$20:$C$28,2,FALSE) -> 2500000 | H66: =VLOOKUP($B66,$B$20:$C$28,2,FALSE) -> 2500000 | I66: =VLOOKUP($B66,$B$20:$C$28,2,FALSE) -> 2500000 | J66: =VLOOKUP($B66,$B$20:$C$28,2,FALSE) -> 2500000 | ... N66: =VLOOKUP($B66,$B$20:$C$28,2,FALSE) -> 2500000
B67: Series A | C67: =VLOOKUP($B67,$B$20:$C$28,2,FALSE) -> 2500000 | D67: =VLOOKUP($B67,$B$20:$C$28,2,FALSE) -> 2500000 | E67: =VLOOKUP($B67,$B$20:$C$28,2,FALSE) -> 2500000 | F67: =VLOOKUP($B67,$B$20:$C$28,2,FALSE) -> 2500000 | G67: =VLOOKUP($B67,$B$20:$C$28,2,FALSE) -> 2500000 | H67: =VLOOKUP($B67,$B$20:$C$28,2,FALSE) -> 2500000 | I67: =VLOOKUP($B67,$B$20:$C$28,2,FALSE) -> 2500000 | J67: =VLOOKUP($B67,$B$20:$C$28,2,FALSE) -> 2500000 | ... N67: =VLOOKUP($B67,$B$20:$C$28,2,FALSE) -> 2500000
B68: Common | C68: =VLOOKUP($B68,$B$20:$C$28,2,FALSE) -> 7500000 | D68: =VLOOKUP($B68,$B$20:$C$28,2,FALSE) -> 7500000 | E68: =VLOOKUP($B68,$B$20:$C$28,2,FALSE) -> 7500000 | F68: =VLOOKUP($B68,$B$20:$C$28,2,FALSE) -> 7500000 | G68: =VLOOKUP($B68,$B$20:$C$28,2,FALSE) -> 7500000 | H68: =VLOOKUP($B68,$B$20:$C$28,2,FALSE) -> 7500000 | I68: =VLOOKUP($B68,$B$20:$C$28,2,FALSE) -> 7500000 | J68: =VLOOKUP($B68,$B$20:$C$28,2,FALSE) -> 7500000 | ... N68: =VLOOKUP($B68,$B$20:$C$28,2,FALSE) -> 7500000
B69: Common Options Z | C69: =IF(C54>0,VLOOKUP($B69,$B$20:$C$28,2,FALSE),0) -> 0 | D69: =IF(D54>0,VLOOKUP($B69,$B$20:$C$28,2,FALSE),0) -> 0 | E69: =IF(E54>0,VLOOKUP($B69,$B$20:$C$28,2,FALSE),0) -> 0 | F69: =IF(F54>0,VLOOKUP($B69,$B$20:$C$28,2,FALSE),0) -> 0 | G69: =IF(G54>0,VLOOKUP($B69,$B$20:$C$28,2,FALSE),0) -> 0 | H69: =IF(H54>0,VLOOKUP($B69,$B$20:$C$28,2,FALSE),0) -> 0 | I69: =IF(I54>0,VLOOKUP($B69,$B$20:$C$28,2,FALSE),0) -> 500000 | J69: =IF(J54>0,VLOOKUP($B69,$B$20:$C$28,2,FALSE),0) -> 500000 | ... N69: =IF(N54>0,VLOOKUP($B69,$B$20:$C$28,2,FALSE),0) -> 500000
B70: Common Options Y | C70: =IF(C55>0,VLOOKUP($B70,$B$20:$C$28,2,FALSE),0) -> 0 | D70: =IF(D55>0,VLOOKUP($B70,$B$20:$C$28,2,FALSE),0) -> 0 | E70: =IF(E55>0,VLOOKUP($B70,$B$20:$C$28,2,FALSE),0) -> 0 | F70: =IF(F55>0,VLOOKUP($B70,$B$20:$C$28,2,FALSE),0) -> 0 | G70: =IF(G55>0,VLOOKUP($B70,$B$20:$C$28,2,FALSE),0) -> 0 | H70: =IF(H55>0,VLOOKUP($B70,$B$20:$C$28,2,FALSE),0) -> 0 | I70: =IF(I55>0,VLOOKUP($B70,$B$20:$C$28,2,FALSE),0) -> 0 | J70: =IF(J55>0,VLOOKUP($B70,$B$20:$C$28,2,FALSE),0) -> 500000 | ... N70: =IF(N55>0,VLOOKUP($B70,$B$20:$C$28,2,FALSE),0) -> 500000
B71: Common Options X | C71: =IF(C56>0,VLOOKUP($B71,$B$20:$C$28,2,FALSE),0) -> 0 | D71: =IF(D56>0,VLOOKUP($B71,$B$20:$C$28,2,FALSE),0) -> 0 | E71: =IF(E56>0,VLOOKUP($B71,$B$20:$C$28,2,FALSE),0) -> 0 | F71: =IF(F56>0,VLOOKUP($B71,$B$20:$C$28,2,FALSE),0) -> 0 | G71: =IF(G56>0,VLOOKUP($B71,$B$20:$C$28,2,FALSE),0) -> 0 | H71: =IF(H56>0,VLOOKUP($B71,$B$20:$C$28,2,FALSE),0) -> 0 | I71: =IF(I56>0,VLOOKUP($B71,$B$20:$C$28,2,FALSE),0) -> 0 | J71: =IF(J56>0,VLOOKUP($B71,$B$20:$C$28,2,FALSE),0) -> 0 | ... N71: =IF(N56>0,VLOOKUP($B71,$B$20:$C$28,2,FALSE),0) -> 500000
B72: Common Options R | C72: =IF(C57>0,VLOOKUP($B72,$B$20:$C$28,2,FALSE),0) -> 0 | D72: =IF(D57>0,VLOOKUP($B72,$B$20:$C$28,2,FALSE),0) -> 0 | E72: =IF(E57>0,VLOOKUP($B72,$B$20:$C$28,2,FALSE),0) -> 0 | F72: =IF(F57>0,VLOOKUP($B72,$B$20:$C$28,2,FALSE),0) -> 0 | G72: =IF(G57>0,VLOOKUP($B72,$B$20:$C$28,2,FALSE),0) -> 0 | H72: =IF(H57>0,VLOOKUP($B72,$B$20:$C$28,2,FALSE),0) -> 0 | I72: =IF(I57>0,VLOOKUP($B72,$B$20:$C$28,2,FALSE),0) -> 0 | J72: =IF(J57>0,VLOOKUP($B72,$B$20:$C$28,2,FALSE),0) -> 0 | ... N72: =IF(N57>0,VLOOKUP($B72,$B$20:$C$28,2,FALSE),0) -> 1000000
B73: Total: | C73: =SUM(C64:C72) -> 15500000 | D73: =SUM(D64:D72) -> 15500000 | E73: =SUM(E64:E72) -> 15500000 | F73: =SUM(F64:F72) -> 15500000 | G73: =SUM(G64:G72) -> 15500000 | H73: =SUM(H64:H72) -> 15500000 | I73: =SUM(I64:I72) -> 16000000 | J73: =SUM(J64:J72) -> 16500000 | ... N73: =SUM(N64:N72) -> 18000000
B76: Sale Price: | C76: =C34 -> 0 | D76: =D34 -> 20000000 | E76: =E34 -> 80000000 | F76: =F34 -> 95000000 | G76: =G34 -> 100000000 | H76: =H34 -> 115000000 | I76: =I34 -> 136000000 | J76: =J34 -> 158000000 | ... N76: =N34 -> 1020000000
B79: Equity Proceeds:
B80: (placeholder) | C80: =C49 -> 0 | D80: =D49 -> 0 | E80: =E49 -> 0 | F80: =F49 -> 0 | G80: =G49 -> 0 | H80: =H49 -> 0 | I80: =I49 -> 0 | J80: =J49 -> 0 | ... N80: =N49 -> 0 | O80: Pro Rata
B81: Series C | C81: =C50 -> 0 | D81: =D50 -> 0 | E81: =E50 -> 60000000 | F81: =F50 -> 60000000 | G81: =G50 -> 60000000 | H81: =H50 -> 60000000 | I81: =I50 -> 60000000 | J81: =J50 -> 60000000 | ... N81: =N50 -> 171000000 | O81: Pro Rata
B82: Series B | C82: =C51 -> 0 | D82: =D51 -> 0 | E82: =E51 -> 0 | F82: =F51 -> 15000000 | G82: =G51 -> 15000000 | H82: =H51 -> 15000000 | I82: =I51 -> 15000000 | J82: =J51 -> 15000000 | ... N82: =N51 -> 142500000 | O82: Pro Rata
B83: Series A | C83: =C52 -> 0 | D83: =D52 -> 0 | E83: =E52 -> 0 | F83: =F52 -> 0 | G83: =G52 -> 5000000 | H83: =H52 -> 5000000 | I83: =I52 -> 10000000 | J83: =J52 -> 15000000 | ... N83: =N52 -> 142500000 | O83: Pro Rata
B84: Common | C84: =C53 -> 0 | D84: =D53 -> 0 | E84: =E53 -> 0 | F84: =F53 -> 0 | G84: =G53 -> 0 | H84: =H53 -> 15000000 | I84: =I53 -> 30000000 | J84: =J53 -> 45000000 | ... N84: =N53 -> 427500000 | O84: Pro Rata
B85: Common Options Z | C85: =C54 -> 0 | D85: =D54 -> 0 | E85: =E54 -> 0 | F85: =F54 -> 0 | G85: =G54 -> 0 | H85: =H54 -> 0 | I85: =I54 -> 1000000 | J85: =J54 -> 2000000 | ... N85: =N54 -> 27500000 | O85: Pro Rata
B86: Common Options Y | C86: =C55 -> 0 | D86: =D55 -> 0 | E86: =E55 -> 0 | F86: =F55 -> 0 | G86: =G55 -> 0 | H86: =H55 -> 0 | I86: =I55 -> 0 | J86: =J55 -> 1000000 | ... N86: =N55 -> 26500000 | O86: Pro Rata
B87: Common Options X | C87: =C56 -> 0 | D87: =D56 -> 0 | E87: =E56 -> 0 | F87: =F56 -> 0 | G87: =G56 -> 0 | H87: =H56 -> 0 | I87: =I56 -> 0 | J87: =J56 -> 0 | ... N87: =N56 -> 25500000 | O87: Pro Rata
B88: Common Options R | C88: =C57 -> 0 | D88: =D57 -> 0 | E88: =E57 -> 0 | F88: =F57 -> 0 | G88: =G57 -> 0 | H88: =H57 -> 0 | I88: =I57 -> 0 | J88: =J57 -> 0 | ... N88: =N57 -> 37000000 | O88: Pro Rata
B89: Breakpoint Range (Max): | C89: =SUM(C80:C88) -> 0 | D89: =SUM(D80:D88) -> 0 | E89: =SUM(E80:E88) -> 60000000 | F89: =SUM(F80:F88) -> 75000000 | G89: =SUM(G80:G88) -> 80000000 | H89: =SUM(H80:H88) -> 95000000 | I89: =SUM(I80:I88) -> 116000000 | J89: =SUM(J80:J88) -> 138000000 | ... N89: =SUM(N80:N88) -> 1000000000 | O89: Infinity
B90: Breakpoint Range (Min): | C90: =C59 -> 0 | D90: =D59 -> 0 | E90: =E59 -> 0 | F90: =F59 -> 60000000 | G90: =G59 -> 75000000 | H90: =H59 -> 80000000 | I90: =I59 -> 95000000 | J90: =J59 -> 116000000 | ... N90: =N59 -> 424000000
B92: Shares Outstanding:
B93: (placeholder) | C93: =C64 -> 0 | D93: =D64 -> 0 | E93: =E64 -> 0 | F93: =F64 -> 0 | G93: =G64 -> 0 | H93: =H64 -> 0 | I93: =I64 -> 0 | J93: =J64 -> 0 | ... N93: =N64 -> 0
B94: Series C | C94: =C65 -> 3000000 | D94: =D65 -> 3000000 | E94: =E65 -> 3000000 | F94: =F65 -> 3000000 | G94: =G65 -> 3000000 | H94: =H65 -> 3000000 | I94: =I65 -> 3000000 | J94: =J65 -> 3000000 | ... N94: =N65 -> 3000000
B95: Series B | C95: =C66 -> 2500000 | D95: =D66 -> 2500000 | E95: =E66 -> 2500000 | F95: =F66 -> 2500000 | G95: =G66 -> 2500000 | H95: =H66 -> 2500000 | I95: =I66 -> 2500000 | J95: =J66 -> 2500000 | ... N95: =N66 -> 2500000
B96: Series A | C96: =C67 -> 2500000 | D96: =D67 -> 2500000 | E96: =E67 -> 2500000 | F96: =F67 -> 2500000 | G96: =G67 -> 2500000 | H96: =H67 -> 2500000 | I96: =I67 -> 2500000 | J96: =J67 -> 2500000 | ... N96: =N67 -> 2500000
B97: Common | C97: =C68 -> 7500000 | D97: =D68 -> 7500000 | E97: =E68 -> 7500000 | F97: =F68 -> 7500000 | G97: =G68 -> 7500000 | H97: =H68 -> 7500000 | I97: =I68 -> 7500000 | J97: =J68 -> 7500000 | ... N97: =N68 -> 7500000
B98: Common Options Z | C98: =C69 -> 0 | D98: =D69 -> 0 | E98: =E69 -> 0 | F98: =F69 -> 0 | G98: =G69 -> 0 | H98: =H69 -> 0 | I98: =I69 -> 500000 | J98: =J69 -> 500000 | ... N98: =N69 -> 500000
B99: Common Options Y | C99: =C70 -> 0 | D99: =D70 -> 0 | E99: =E70 -> 0 | F99: =F70 -> 0 | G99: =G70 -> 0 | H99: =H70 -> 0 | I99: =I70 -> 0 | J99: =J70 -> 500000 | ... N99: =N70 -> 500000
B100: Common Options X | C100: =C71 -> 0 | D100: =D71 -> 0 | E100: =E71 -> 0 | F100: =F71 -> 0 | G100: =G71 -> 0 | H100: =H71 -> 0 | I100: =I71 -> 0 | J100: =J71 -> 0 | ... N100: =N71 -> 500000
B101: Common Options R | C101: =C72 -> 0 | D101: =D72 -> 0 | E101: =E72 -> 0 | F101: =F72 -> 0 | G101: =G72 -> 0 | H101: =H72 -> 0 | I101: =I72 -> 0 | J101: =J72 -> 0 | ... N101: =N72 -> 1000000
B102: Total Shares Outstanding: | C102: =SUM(C93:C101) -> 15500000 | D102: =SUM(D93:D101) -> 15500000 | E102: =SUM(E93:E101) -> 15500000 | F102: =SUM(F93:F101) -> 15500000 | G102: =SUM(G93:G101) -> 15500000 | H102: =SUM(H93:H101) -> 15500000 | I102: =SUM(I93:I101) -> 16000000 | J102: =SUM(J93:J101) -> 16500000 | ... N102: =SUM(N93:N101) -> 18000000

Sheet Bottom Up Waterfall
B2: Shareholder Waterfall | C2: 1 | D2: 2 | E2: 3 | F2: 4 | G2: 5 | H2: 6 | I2: 7 | J2: 8 | K2: 9 | L2: 10 | M2: 11 | N2: 12
B4: Sale Price | C4: 0 | D4: 20000000 | E4: 80000000 | F4: 95000000 | G4: 100000000 | H4: 115000000 | I4: 136000000 | J4: 158000000 | K4: 186000000 | L4: 354000000 | M4: 444000000 | N4: 1000000000
B5: Term Loan 1 | C5: ='Bottom Up (C)'!$C$37 -> -5000000 | D5: =C5 -> -5000000 | E5: =D5 -> -5000000 | F5: =E5 -> -5000000 | G5: =F5 -> -5000000 | H5: =G5 -> -5000000 | I5: =H5 -> -5000000 | J5: =I5 -> -5000000 | K5: =J5 -> -5000000 | ... N5: =M5 -> -5000000
B6: Term Loan 2 | C6: ='Bottom Up (C)'!$C$38 -> -15000000 | D6: =C6 -> -15000000 | E6: =D6 -> -15000000 | F6: =E6 -> -15000000 | G6: =F6 -> -15000000 | H6: =G6 -> -15000000 | I6: =H6 -> -15000000 | J6: =I6 -> -15000000 | K6: =J6 -> -15000000 | ... N6: =M6 -> -15000000
B7: Sale Price (less debt) | C7: =SUM(C4:C6) -> -20000000 | D7: =SUM(D4:D6) -> 0 | E7: =SUM(E4:E6) -> 60000000 | F7: =SUM(F4:F6) -> 75000000 | G7: =SUM(G4:G6) -> 80000000 | H7: =SUM(H4:H6) -> 95000000 | I7: =SUM(I4:I6) -> 116000000 | J7: =SUM(J4:J6) -> 138000000 | ... N7: =SUM(N4:N6) -> 980000000
B9: Price per Common Share: | C9: =IFERROR(C16/C39,0) -> 0 | D9: =IFERROR(D16/D39,0) -> 0 | E9: =IFERROR(E16/E39,0) -> 0 | F9: =IFERROR(F16/F39,0) -> 0 | G9: =IFERROR(G16/G39,0) -> 0 | H9: =IFERROR(H16/H39,0) -> 2 | I9: =IFERROR(I16/I39,0) -> 4 | J9: =IFERROR(J16/J39,0) -> 6 | ... N9: =IFERROR(N16/N39,0) -> 55.888889
B11: Equity Proceeds:
B12: (placeholder)
B13: Series C | D13: =(D$7-INDEX('Bottom Up (C)'!$A$80:$O$89,COUNTA($B$12:$B$20)+1,MATCH(D$7,'Bottom Up (C)'!$A$89:$O$89,1)))/(INDEX('Bottom Up (C)'!$A$80:$O$89,COUNTA($B$12:$B$20)+1,MATCH(D$7,'Bottom Up (C)'!$A$89:$O$89,1)+1)-INDEX('Bottom Up (C)'!$A$80:$O$89,COUNTA($B$12:$B$20)+1,MATCH(D$7,'Bottom Up (C)'!$A$89:$O$89,1)))*(INDEX('Bottom Up (C)'!$A$80:$O$89,MATCH($B13,$B$12:$B$20,0),MATCH(D$7,'Bottom Up (C)'!$A$89:$O$89,1)+1)-INDEX('Bottom Up (C)'!$A$80:$O$89,MATCH($B13,$B$12:$B$20,0),MATCH(D$7,'Bottom Up (C)'!$A$89:$O$89,1)))+INDEX('Bottom Up (C)'!$A$80:$O$89,MATCH($B13,$B$12:$B$20,0),MATCH(D$7,'Bottom Up (C)'!$A$89:$O$89,1)) -> 0 | E13: =(E$7-INDEX('Bottom Up (C)'!$A$80:$O$89,COUNTA($B$12:$B$20)+1,MATCH(E$7,'Bottom Up (C)'!$A$89:$O$89,1)))/(INDEX('Bottom Up (C)'!$A$80:$O$89,COUNTA($B$12:$B$20)+1,MATCH(E$7,'Bottom Up (C)'!$A$89:$O$89,1)+1)-INDEX('Bottom Up (C)'!$A$80:$O$89,COUNTA($B$12:$B$20)+1,MATCH(E$7,'Bottom Up (C)'!$A$89:$O$89,1)))*(INDEX('Bottom Up (C)'!$A$80:$O$89,MATCH($B13,$B$12:$B$20,0),MATCH(E$7,'Bottom Up (C)'!$A$89:$O$89,1)+1)-INDEX('Bottom Up (C)'!$A$80:$O$89,MATCH($B13,$B$12:$B$20,0),MATCH(E$7,'Bottom Up (C)'!$A$89:$O$89,1)))+INDEX('Bottom Up (C)'!$A$80:$O$89,MATCH($B13,$B$12:$B$20,0),MATCH(E$7,'Bottom Up (C)'!$A$89:$O$89,1)) -> 60000000 | F13: =(F$7-INDEX('Bottom Up (C)'!$A$80:$O$89,COUNTA($B$12:$B$20)+1,MATCH(F$7,'Bottom Up (C)'!$A$89:$O$89,1)))/(INDEX('Bottom Up (C)'!$A$80:$O$89,COUNTA($B$12:$B$20)+1,MATCH(F$7,'Bottom Up (C)'!$A$89:$O$89,1)+1)-INDEX('Bottom Up (C)'!$A$80:$O$89,COUNTA($B$12:$B$20)+1,MATCH(F$7,'Bottom Up (C)'!$A$89:$O$89,1)))*(INDEX('Bottom Up (C)'!$A$80:$O$89,MATCH($B13,$B$12:$B$20,0),MATCH(F$7,'Bottom Up (C)'!$A$89:$O$89,1)+1)-INDEX('Bottom Up (C)'!$A$80:$O$89,MATCH($B13,$B$12:$B$20,0),MATCH(F$7,'Bottom Up (C)'!$A$89:$O$89,1)))+INDEX('Bottom Up (C)'!$A$80:$O$89,MATCH($B13,$B$12:$B$20,0),MATCH(F$7,'Bottom Up (C)'!$A$89:$O$89,1)) -> 60000000 | G13: =(G$7-INDEX('Bottom Up (C)'!$A$80:$O$89,COUNTA($B$12:$B$20)+1,MATCH(G$7,'Bottom Up (C)'!$A$89:$O$89,1)))/(INDEX('Bottom Up (C)'!$A$80:$O$89,COUNTA($B$12:$B$20)+1,MATCH(G$7,'Bottom Up (C)'!$A$89:$O$89,1)+1)-INDEX('Bottom Up (C)'!$A$80:$O$89,COUNTA($B$12:$B$20)+1,MATCH(G$7,'Bottom Up (C)'!$A$89:$O$89,1)))*(INDEX('Bottom Up (C)'!$A$80:$O$89,MATCH($B13,$B$12:$B$20,0),MATCH(G$7,'Bottom Up (C)'!$A$89:$O$89,1)+1)-INDEX('Bottom Up (C)'!$A$80:$O$89,MATCH($B13,$B$12:$B$20,0),MATCH(G$7,'Bottom Up (C)'!$A$89:$O$89,1)))+INDEX('Bottom Up (C)'!$A$80:$O$89,MATCH($B13,$B$12:$B$20,0),MATCH(G$7,'Bottom Up (C)'!$A$89:$O$89,1)) -> 60000000 | H13: =(H$7-INDEX('Bottom Up (C)'!$A$80:$O$89,COUNTA($B$12:$B$20)+1,MATCH(H$7,'Bottom Up (C)'!$A$89:$O$89,1)))/(INDEX('Bottom Up (C)'!$A$80:$O$89,COUNTA($B$12:$B$20)+1,MATCH(H$7,'Bottom Up (C)'!$A$89:$O$89,1)+1)-INDEX('Bottom Up (C)'!$A$80:$O$89,COUNTA($B$12:$B$20)+1,MATCH(H$7,'Bottom Up (C)'!$A$89:$O$89,1)))*(INDEX('Bottom Up (C)'!$A$80:$O$89,MATCH($B13,$B$12:$B$20,0),MATCH(H$7,'Bottom Up (C)'!$A$89:$O$89,1)+1)-INDEX('Bottom Up (C)'!$A$80:$O$89,MATCH($B13,$B$12:$B$20,0),MATCH(H$7,'Bottom Up (C)'!$A$89:$O$89,1)))+INDEX('Bottom Up (C)'!$A$80:$O$89,MATCH($B13,$B$12:$B$20,0),MATCH(H$7,'Bottom Up (C)'!$A$89:$O$89,1)) -> 60000000 | I13: =(I$7-INDEX('Bottom Up (C)'!$A$80:$O$89,COUNTA($B$12:$B$20)+1,MATCH(I$7,'Bottom Up (C)'!$A$89:$O$89,1)))/(INDEX('Bottom Up (C)'!$A$80:$O$89,COUNTA($B$12:$B$20)+1,MATCH(I$7,'Bottom Up (C)'!$A$89:$O$89,1)+1)-INDEX('Bottom Up (C)'!$A$80:$O$89,COUNTA($B$12:$B$20)+1,MATCH(I$7,'Bottom Up (C)'!$A$89:$O$89,1)))*(INDEX('Bottom Up (C)'!$A$80:$O$89,MATCH($B13,$B$12:$B$20,0),MATCH(I$7,'Bottom Up (C)'!$A$89:$O$89,1)+1)-INDEX('Bottom Up (C)'!$A$80:$O$89,MATCH($B13,$B$12:$B$20,0),MATCH(I$7,'Bottom Up (C)'!$A$89:$O$89,1)))+INDEX('Bottom Up (C)'!$A$80:$O$89,MATCH($B13,$B$12:$B$20,0),MATCH(I$7,'Bottom Up (C)'!$A$89:$O$89,1)) -> 60000000 | J13: =(J$7-INDEX('Bottom Up (C)'!$A$80:$O$89,COUNTA($B$12:$B$20)+1,MATCH(J$7,'Bottom Up (C)'!$A$89:$O$89,1)))/(INDEX('Bottom Up (C)'!$A$80:$O$89,COUNTA($B$12:$B$20)+1,MATCH(J$7,'Bottom Up (C)'!$A$89:$O$89,1)+1)-INDEX('Bottom Up (C)'!$A$80:$O$89,COUNTA($B$12:$B$20)+1,MATCH(J$7,'Bottom Up (C)'!$A$89:$O$89,1)))*(INDEX('Bottom Up (C)'!$A$80:$O$89,MATCH($B13,$B$12:$B$20,0),MATCH(J$7,'Bottom Up (C)'!$A$89:$O$89,1)+1)-INDEX('Bottom Up (C)'!$A$80:$O$89,MATCH($B13,$B$12:$B$20,0),MATCH(J$7,'Bottom Up (C)'!$A$89:$O$89,1)))+INDEX('Bottom Up (C)'!$A$80:$O$89,MATCH($B13,$B$12:$B$20,0),MATCH(J$7,'Bottom Up (C)'!$A$89:$O$89,1)) -> 60000000 | K13: =(K$7-INDEX('Bottom Up (C)'!$A$80:$O$89,COUNTA($B$12:$B$20)+1,MATCH(K$7,'Bottom Up (C)'!$A$89:$O$89,1)))/(INDEX('Bottom Up (C)'!$A$80:$O$89,COUNTA($B$12:$B$20)+1,MATCH(K$7,'Bottom Up (C)'!$A$89:$O$89,1)+1)-INDEX('Bottom Up (C)'!$A$80:$O$89,COUNTA($B$12:$B$20)+1,MATCH(K$7,'Bottom Up (C)'!$A$89:$O$89,1)))*(INDEX('Bottom Up (C)'!$A$80:$O$89,MATCH($B13,$B$12:$B$20,0),MATCH(K$7,'Bottom Up (C)'!$A$89:$O$89,1)+1)-INDEX('Bottom Up (C)'!$A$80:$O$89,MATCH($B13,$B$12:$B$20,0),MATCH(K$7,'Bottom Up (C)'!$A$89:$O$89,1)))+INDEX('Bottom Up (C)'!$A$80:$O$89,MATCH($B13,$B$12:$B$20,0),MATCH(K$7,'Bottom Up (C)'!$A$89:$O$89,1)) -> 60000000 | ... N13: =(N$7-INDEX('Bottom Up (C)'!$A$80:$O$89,COUNTA($B$12:$B$20)+1,MATCH(N$7,'Bottom Up (C)'!$A$89:$O$89,1)))/(INDEX('Bottom Up (C)'!$A$80:$O$89,COUNTA($B$12:$B$20)+1,MATCH(N$7,'Bottom Up (C)'!$A$89:$O$89,1)+1)-INDEX('Bottom Up (C)'!$A$80:$O$89,COUNTA($B$12:$B$20)+1,MATCH(N$7,'Bottom Up (C)'!$A$89:$O$89,1)))*(INDEX('Bottom Up (C)'!$A$80:$O$89,MATCH($B13,$B$12:$B$20,0),MATCH(N$7,'Bottom Up (C)'!$A$89:$O$89,1)+1)-INDEX('Bottom Up (C)'!$A$80:$O$89,MATCH($B13,$B$12:$B$20,0),MATCH(N$7,'Bottom Up (C)'!$A$89:$O$89,1)))+INDEX('Bottom Up (C)'!$A$80:$O$89,MATCH($B13,$B$12:$B$20,0),MATCH(N$7,'Bottom Up (C)'!$A$89:$O$89,1)) -> 1.6766667e+08
B14: Series B | D14: =(D$7-INDEX('Bottom Up (C)'!$A$80:$O$89,COUNTA($B$12:$B$20)+1,MATCH(D$7,'Bottom Up (C)'!$A$89:$O$89,1)))/(INDEX('Bottom Up (C)'!$A$80:$O$89,COUNTA($B$12:$B$20)+1,MATCH(D$7,'Bottom Up (C)'!$A$89:$O$89,1)+1)-INDEX('Bottom Up (C)'!$A$80:$O$89,COUNTA($B$12:$B$20)+1,MATCH(D$7,'Bottom Up (C)'!$A$89:$O$89,1)))*(INDEX('Bottom Up (C)'!$A$80:$O$89,MATCH($B14,$B$12:$B$20,0),MATCH(D$7,'Bottom Up (C)'!$A$89:$O$89,1)+1)-INDEX('Bottom Up (C)'!$A$80:$O$89,MATCH($B14,$B$12:$B$20,0),MATCH(D$7,'Bottom Up (C)'!$A$89:$O$89,1)))+INDEX('Bottom Up (C)'!$A$80:$O$89,MATCH($B14,$B$12:$B$20,0),MATCH(D$7,'Bottom Up (C)'!$A$89:$O$89,1)) -> 0 | E14: =(E$7-INDEX('Bottom Up (C)'!$A$80:$O$89,COUNTA($B$12:$B$20)+1,MATCH(E$7,'Bottom Up (C)'!$A$89:$O$89,1)))/(INDEX('Bottom Up (C)'!$A$80:$O$89,COUNTA($B$12:$B$20)+1,MATCH(E$7,'Bottom Up (C)'!$A$89:$O$89,1)+1)-INDEX('Bottom Up (C)'!$A$80:$O$89,COUNTA($B$12:$B$20)+1,MATCH(E$7,'Bottom Up (C)'!$A$89:$O$89,1)))*(INDEX('Bottom Up (C)'!$A$80:$O$89,MATCH($B14,$B$12:$B$20,0),MATCH(E$7,'Bottom Up (C)'!$A$89:$O$89,1)+1)-INDEX('Bottom Up (C)'!$A$80:$O$89,MATCH($B14,$B$12:$B$20,0),MATCH(E$7,'Bottom Up (C)'!$A$89:$O$89,1)))+INDEX('Bottom Up (C)'!$A$80:$O$89,MATCH($B14,$B$12:$B$20,0),MATCH(E$7,'Bottom Up (C)'!$A$89:$O$89,1)) -> 0 | F14: =(F$7-INDEX('Bottom Up (C)'!$A$80:$O$89,COUNTA($B$12:$B$20)+1,MATCH(F$7,'Bottom Up (C)'!$A$89:$O$89,1)))/(INDEX('Bottom Up (C)'!$A$80:$O$89,COUNTA($B$12:$B$20)+1,MATCH(F$7,'Bottom Up (C)'!$A$89:$O$89,1)+1)-INDEX('Bottom Up (C)'!$A$80:$O$89,COUNTA($B$12:$B$20)+1,MATCH(F$7,'Bottom Up (C)'!$A$89:$O$89,1)))*(INDEX('Bottom Up (C)'!$A$80:$O$89,MATCH($B14,$B$12:$B$20,0),MATCH(F$7,'Bottom Up (C)'!$A$89:$O$89,1)+1)-INDEX('Bottom Up (C)'!$A$80:$O$89,MATCH($B14,$B$12:$B$20,0),MATCH(F$7,'Bottom Up (C)'!$A$89:$O$89,1)))+INDEX('Bottom Up (C)'!$A$80:$O$89,MATCH($B14,$B$12:$B$20,0),MATCH(F$7,'Bottom Up (C)'!$A$89:$O$89,1)) -> 15000000 | G14: =(G$7-INDEX('Bottom Up (C)'!$A$80:$O$89,COUNTA($B$12:$B$20)+1,MATCH(G$7,'Bottom Up (C)'!$A$89:$O$89,1)))/(INDEX('Bottom Up (C)'!$A$80:$O$89,COUNTA($B$12:$B$20)+1,MATCH(G$7,'Bottom Up (C)'!$A$89:$O$89,1)+1)-INDEX('Bottom Up (C)'!$A$80:$O$89,COUNTA($B$12:$B$20)+1,MATCH(G$7,'Bottom Up (C)'!$A$89:$O$89,1)))*(INDEX('Bottom Up (C)'!$A$80:$O$89,MATCH($B14,$B$12:$B$20,0),MATCH(G$7,'Bottom Up (C)'!$A$89:$O$89,1)+1)-INDEX('Bottom Up (C)'!$A$80:$O$89,MATCH($B14,$B$12:$B$20,0),MATCH(G$7,'Bottom Up (C)'!$A$89:$O$89,1)))+INDEX('Bottom Up (C)'!$A$80:$O$89,MATCH($B14,$B$12:$B$20,0),MATCH(G$7,'Bottom Up (C)'!$A$89:$O$89,1)) -> 15000000 | H14: =(H$7-INDEX('Bottom Up (C)'!$A$80:$O$89,COUNTA($B$12:$B$20)+1,MATCH(H$7,'Bottom Up (C)'!$A$89:$O$89,1)))/(INDEX('Bottom Up (C)'!$A$80:$O$89,COUNTA($B$12:$B$20)+1,MATCH(H$7,'Bottom Up (C)'!$A$89:$O$89,1)+1)-INDEX('Bottom Up (C)'!$A$80:$O$89,COUNTA($B$12:$B$20)+1,MATCH(H$7,'Bottom Up (C)'!$A$89:$O$89,1)))*(INDEX('Bottom Up (C)'!$A$80:$O$89,MATCH($B14,$B$12:$B$20,0),MATCH(H$7,'Bottom Up (C)'!$A$89:$O$89,1)+1)-INDEX('Bottom Up (C)'!$A$80:$O$89,MATCH($B14,$B$12:$B$20,0),MATCH(H$7,'Bottom Up (C)'!$A$89:$O$89,1)))+INDEX('Bottom Up (C)'!$A$80:$O$89,MATCH($B14,$B$12:$B$20,0),MATCH(H$7,'Bottom Up (C)'!$A$89:$O$89,1)) -> 15000000 | I14: =(I$7-INDEX('Bottom Up (C)'!$A$80:$O$89,COUNTA($B$12:$B$20)+1,MATCH(I$7,'Bottom Up (C)'!$A$89:$O$89,1)))/(INDEX('Bottom Up (C)'!$A$80:$O$89,COUNTA($B$12:$B$20)+1,MATCH(I$7,'Bottom Up (C)'!$A$89:$O$89,1)+1)-INDEX('Bottom Up (C)'!$A$80:$O$89,COUNTA($B$12:$B$20)+1,MATCH(I$7,'Bottom Up (C)'!$A$89:$O$89,1)))*(INDEX('Bottom Up (C)'!$A$80:$O$89,MATCH($B14,$B$12:$B$20,0),MATCH(I$7,'Bottom Up (C)'!$A$89:$O$89,1)+1)-INDEX('Bottom Up (C)'!$A$80:$O$89,MATCH($B14,$B$12:$B$20,0),MATCH(I$7,'Bottom Up (C)'!$A$89:$O$89,1)))+INDEX('Bottom Up (C)'!$A$80:$O$89,MATCH($B14,$B$12:$B$20,0),MATCH(I$7,'Bottom Up (C)'!$A$89:$O$89,1)) -> 15000000 | J14: =(J$7-INDEX('Bottom Up (C)'!$A$80:$O$89,COUNTA($B$12:$B$20)+1,MATCH(J$7,'Bottom Up (C)'!$A$89:$O$89,1)))/(INDEX('Bottom Up (C)'!$A$80:$O$89,COUNTA($B$12:$B$20)+1,MATCH(J$7,'Bottom Up (C)'!$A$89:$O$89,1)+1)-INDEX('Bottom Up (C)'!$A$80:$O$89,COUNTA($B$12:$B$20)+1,MATCH(J$7,'Bottom Up (C)'!$A$89:$O$89,1)))*(INDEX('Bottom Up (C)'!$A$80:$O$89,MATCH($B14,$B$12:$B$20,0),MATCH(J$7,'Bottom Up (C)'!$A$89:$O$89,1)+1)-INDEX('Bottom Up (C)'!$A$80:$O$89,MATCH($B14,$B$12:$B$20,0),MATCH(J$7,'Bottom Up (C)'!$A$89:$O$89,1)))+INDEX('Bottom Up (C)'!$A$80:$O$89,MATCH($B14,$B$12:$B$20,0),MATCH(J$7,'Bottom Up (C)'!$A$89:$O$89,1)) -> 15000000 | K14: =(K$7-INDEX('Bottom Up (C)'!$A$80:$O$89,COUNTA($B$12:$B$20)+1,MATCH(K$7,'Bottom Up (C)'!$A$89:$O$89,1)))/(INDEX('Bottom Up (C)'!$A$80:$O$89,COUNTA($B$12:$B$20)+1,MATCH(K$7,'Bottom Up (C)'!$A$89:$O$89,1)+1)-INDEX('Bottom Up (C)'!$A$80:$O$89,COUNTA($B$12:$B$20)+1,MATCH(K$7,'Bottom Up (C)'!$A$89:$O$89,1)))*(INDEX('Bottom Up (C)'!$A$80:$O$89,MATCH($B14,$B$12:$B$20,0),MATCH(K$7,'Bottom Up (C)'!$A$89:$O$89,1)+1)-INDEX('Bottom Up (C)'!$A$80:$O$89,MATCH($B14,$B$12:$B$20,0),MATCH(K$7,'Bottom Up (C)'!$A$89:$O$89,1)))+INDEX('Bottom Up (C)'!$A$80:$O$89,MATCH($B14,$B$12:$B$20,0),MATCH(K$7,'Bottom Up (C)'!$A$89:$O$89,1)) -> 20000000 | ... N14: =(N$7-INDEX('Bottom Up (C)'!$A$80:$O$89,COUNTA($B$12:$B$20)+1,MATCH(N$7,'Bottom Up (C)'!$A$89:$O$89,1)))/(INDEX('Bottom Up (C)'!$A$80:$O$89,COUNTA($B$12:$B$20)+1,MATCH(N$7,'Bottom Up (C)'!$A$89:$O$89,1)+1)-INDEX('Bottom Up (C)'!$A$80:$O$89,COUNTA($B$12:$B$20)+1,MATCH(N$7,'Bottom Up (C)'!$A$89:$O$89,1)))*(INDEX('Bottom Up (C)'!$A$80:$O$89,MATCH($B14,$B$12:$B$20,0),MATCH(N$7,'Bottom Up (C)'!$A$89:$O$89,1)+1)-INDEX('Bottom Up (C)'!$A$80:$O$89,MATCH($B14,$B$12:$B$20,0),MATCH(N$7,'Bottom Up (C)'!$A$89:$O$89,1)))+INDEX('Bottom Up (C)'!$A$80:$O$89,MATCH($B14,$B$12:$B$20,0),MATCH(N$7,'Bottom Up (C)'!$A$89:$O$89,1)) -> 1.3972222e+08
B15: Series A | D15: =(D$7-INDEX('Bottom Up (C)'!$A$80:$O$89,COUNTA($B$12:$B$20)+1,MATCH(D$7,'Bottom Up (C)'!$A$89:$O$89,1)))/(INDEX('Bottom Up (C)'!$A$80:$O$89,COUNTA($B$12:$B$20)+1,MATCH(D$7,'Bottom Up (C)'!$A$89:$O$89,1)+1)-INDEX('Bottom Up (C)'!$A$80:$O$89,COUNTA($B$12:$B$20)+1,MATCH(D$7,'Bottom Up (C)'!$A$89:$O$89,1)))*(INDEX('Bottom Up (C)'!$A$80:$O$89,MATCH($B15,$B$12:$B$20,0),MATCH(D$7,'Bottom Up (C)'!$A$89:$O$89,1)+1)-INDEX('Bottom Up (C)'!$A$80:$O$89,MATCH($B15,$B$12:$B$20,0),MATCH(D$7,'Bottom Up (C)'!$A$89:$O$89,1)))+INDEX('Bottom Up (C)'!$A$80:$O$89,MATCH($B15,$B$12:$B$20,0),MATCH(D$7,'Bottom Up (C)'!$A$89:$O$89,1)) -> 0 | E15: =(E$7-INDEX('Bottom Up (C)'!$A$80:$O$89,COUNTA($B$12:$B$20)+1,MATCH(E$7,'Bottom Up (C)'!$A$89:$O$89,1)))/(INDEX('Bottom Up (C)'!$A$80:$O$89,COUNTA($B$12:$B$20)+1,MATCH(E$7,'Bottom Up (C)'!$A$89:$O$89,1)+1)-INDEX('Bottom Up (C)'!$A$80:$O$89,COUNTA($B$12:$B$20)+1,MATCH(E$7,'Bottom Up (C)'!$A$89:$O$89,1)))*(INDEX('Bottom Up (C)'!$A$80:$O$89,MATCH($B15,$B$12:$B$20,0),MATCH(E$7,'Bottom Up (C)'!$A$89:$O$89,1)+1)-INDEX('Bottom Up (C)'!$A$80:$O$89,MATCH($B15,$B$12:$B$20,0),MATCH(E$7,'Bottom Up (C)'!$A$89:$O$89,1)))+INDEX('Bottom Up (C)'!$A$80:$O$89,MATCH($B15,$B$12:$B$20,0),MATCH(E$7,'Bottom Up (C)'!$A$89:$O$89,1)) -> 0 | F15: =(F$7-INDEX('Bottom Up (C)'!$A$80:$O$89,COUNTA($B$12:$B$20)+1,MATCH(F$7,'Bottom Up (C)'!$A$89:$O$89,1)))/(INDEX('Bottom Up (C)'!$A$80:$O$89,COUNTA($B$12:$B$20)+1,MATCH(F$7,'Bottom Up (C)'!$A$89:$O$89,1)+1)-INDEX('Bottom Up (C)'!$A$80:$O$89,COUNTA($B$12:$B$20)+1,MATCH(F$7,'Bottom Up (C)'!$A$89:$O$89,1)))*(INDEX('Bottom Up (C)'!$A$80:$O$89,MATCH($B15,$B$12:$B$20,0),MATCH(F$7,'Bottom Up (C)'!$A$89:$O$89,1)+1)-INDEX('Bottom Up (C)'!$A$80:$O$89,MATCH($B15,$B$12:$B$20,0),MATCH(F$7,'Bottom Up (C)'!$A$89:$O$89,1)))+INDEX('Bottom Up (C)'!$A$80:$O$89,MATCH($B15,$B$12:$B$20,0),MATCH(F$7,'Bottom Up (C)'!$A$89:$O$89,1)) -> 0 | G15: =(G$7-INDEX('Bottom Up (C)'!$A$80:$O$89,COUNTA($B$12:$B$20)+1,MATCH(G$7,'Bottom Up (C)'!$A$89:$O$89,1)))/(INDEX('Bottom Up (C)'!$A$80:$O$89,COUNTA($B$12:$B$20)+1,MATCH(G$7,'Bottom Up (C)'!$A$89:$O$89,1)+1)-INDEX('Bottom Up (C)'!$A$80:$O$89,COUNTA($B$12:$B$20)+1,MATCH(G$7,'Bottom Up (C)'!$A$89:$O$89,1)))*(INDEX('Bottom Up (C)'!$A$80:$O$89,MATCH($B15,$B$12:$B$20,0),MATCH(G$7,'Bottom Up (C)'!$A$89:$O$89,1)+1)-INDEX('Bottom Up (C)'!$A$80:$O$89,MATCH($B15,$B$12:$B$20,0),MATCH(G$7,'Bottom Up (C)'!$A$89:$O$89,1)))+INDEX('Bottom Up (C)'!$A$80:$O$89,MATCH($B15,$B$12:$B$20,0),MATCH(G$7,'Bottom Up (C)'!$A$89:$O$89,1)) -> 5000000 | H15: =(H$7-INDEX('Bottom Up (C)'!$A$80:$O$89,COUNTA($B$12:$B$20)+1,MATCH(H$7,'Bottom Up (C)'!$A$89:$O$89,1)))/(INDEX('Bottom Up (C)'!$A$80:$O$89,COUNTA($B$12:$B$20)+1,MATCH(H$7,'Bottom Up (C)'!$A$89:$O$89,1)+1)-INDEX('Bottom Up (C)'!$A$80:$O$89,COUNTA($B$12:$B$20)+1,MATCH(H$7,'Bottom Up (C)'!$A$89:$O$89,1)))*(INDEX('Bottom Up (C)'!$A$80:$O$89,MATCH($B15,$B$12:$B$20,0),MATCH(H$7,'Bottom Up (C)'!$A$89:$O$89,1)+1)-INDEX('Bottom Up (C)'!$A$80:$O$89,MATCH($B15,$B$12:$B$20,0),MATCH(H$7,'Bottom Up (C)'!$A$89:$O$89,1)))+INDEX('Bottom Up (C)'!$A$80:$O$89,MATCH($B15,$B$12:$B$20,0),MATCH(H$7,'Bottom Up (C)'!$A$89:$O$89,1)) -> 5000000 | I15: =(I$7-INDEX('Bottom Up (C)'!$A$80:$O$89,COUNTA($B$12:$B$20)+1,MATCH(I$7,'Bottom Up (C)'!$A$89:$O$89,1)))/(INDEX('Bottom Up (C)'!$A$80:$O$89,COUNTA($B$12:$B$20)+1,MATCH(I$7,'Bottom Up (C)'!$A$89:$O$89,1)+1)-INDEX('Bottom Up (C)'!$A$80:$O$89,COUNTA($B$12:$B$20)+1,MATCH(I$7,'Bottom Up (C)'!$A$89:$O$89,1)))*(INDEX('Bottom Up (C)'!$A$80:$O$89,MATCH($B15,$B$12:$B$20,0),MATCH(I$7,'Bottom Up (C)'!$A$89:$O$89,1)+1)-INDEX('Bottom Up (C)'!$A$80:$O$89,MATCH($B15,$B$12:$B$20,0),MATCH(I$7,'Bottom Up (C)'!$A$89:$O$89,1)))+INDEX('Bottom Up (C)'!$A$80:$O$89,MATCH($B15,$B$12:$B$20,0),MATCH(I$7,'Bottom Up (C)'!$A$89:$O$89,1)) -> 10000000 | J15: =(J$7-INDEX('Bottom Up (C)'!$A$80:$O$89,COUNTA($B$12:$B$20)+1,MATCH(J$7,'Bottom Up (C)'!$A$89:$O$89,1)))/(INDEX('Bottom Up (C)'!$A$80:$O$89,COUNTA($B$12:$B$20)+1,MATCH(J$7,'Bottom Up (C)'!$A$89:$O$89,1)+1)-INDEX('Bottom Up (C)'!$A$80:$O$89,COUNTA($B$12:$B$20)+1,MATCH(J$7,'Bottom Up (C)'!$A$89:$O$89,1)))*(INDEX('Bottom Up (C)'!$A$80:$O$89,MATCH($B15,$B$12:$B$20,0),MATCH(J$7,'Bottom Up (C)'!$A$89:$O$89,1)+1)-INDEX('Bottom Up (C)'!$A$80:$O$89,MATCH($B15,$B$12:$B$20,0),MATCH(J$7,'Bottom Up (C)'!$A$89:$O$89,1)))+INDEX('Bottom Up (C)'!$A$80:$O$89,MATCH($B15,$B$12:$B$20,0),MATCH(J$7,'Bottom Up (C)'!$A$89:$O$89,1)) -> 15000000 | K15: =(K$7-INDEX('Bottom Up (C)'!$A$80:$O$89,COUNTA($B$12:$B$20)+1,MATCH(K$7,'Bottom Up (C)'!$A$89:$O$89,1)))/(INDEX('Bottom Up (C)'!$A$80:$O$89,COUNTA($B$12:$B$20)+1,MATCH(K$7,'Bottom Up (C)'!$A$89:$O$89,1)+1)-INDEX('Bottom Up (C)'!$A$80:$O$89,COUNTA($B$12:$B$20)+1,MATCH(K$7,'Bottom Up (C)'!$A$89:$O$89,1)))*(INDEX('Bottom Up (C)'!$A$80:$O$89,MATCH($B15,$B$12:$B$20,0),MATCH(K$7,'Bottom Up (C)'!$A$89:$O$89,1)+1)-INDEX('Bottom Up (C)'!$A$80:$O$89,MATCH($B15,$B$12:$B$20,0),MATCH(K$7,'Bottom Up (C)'!$A$89:$O$89,1)))+INDEX('Bottom Up (C)'!$A$80:$O$89,MATCH($B15,$B$12:$B$20,0),MATCH(K$7,'Bottom Up (C)'!$A$89:$O$89,1)) -> 20000000 | ... N15: =(N$7-INDEX('Bottom Up (C)'!$A$80:$O$89,COUNTA($B$12:$B$20)+1,MATCH(N$7,'Bottom Up (C)'!$A$89:$O$89,1)))/(INDEX('Bottom Up (C)'!$A$80:$O$89,COUNTA($B$12:$B$20)+1,MATCH(N$7,'Bottom Up (C)'!$A$89:$O$89,1)+1)-INDEX('Bottom Up (C)'!$A$80:$O$89,COUNTA($B$12:$B$20)+1,MATCH(N$7,'Bottom Up (C)'!$A$89:$O$89,1)))*(INDEX('Bottom Up (C)'!$A$80:$O$89,MATCH($B15,$B$12:$B$20,0),MATCH(N$7,'Bottom Up (C)'!$A$89:$O$89,1)+1)-INDEX('Bottom Up (C)'!$A$80:$O$89,MATCH($B15,$B$12:$B$20,0),MATCH(N$7,'Bottom Up (C)'!$A$89:$O$89,1)))+INDEX('Bottom Up (C)'!$A$80:$O$89,MATCH($B15,$B$12:$B$20,0),MATCH(N$7,'Bottom Up (C)'!$A$89:$O$89,1)) -> 1.3972222e+08
B16: Common | D16: =(D$7-INDEX('Bottom Up (C)'!$A$80:$O$89,COUNTA($B$12:$B$20)+1,MATCH(D$7,'Bottom Up (C)'!$A$89:$O$89,1)))/(INDEX('Bottom Up (C)'!$A$80:$O$89,COUNTA($B$12:$B$20)+1,MATCH(D$7,'Bottom Up (C)'!$A$89:$O$89,1)+1)-INDEX('Bottom Up (C)'!$A$80:$O$89,COUNTA($B$12:$B$20)+1,MATCH(D$7,'Bottom Up (C)'!$A$89:$O$89,1)))*(INDEX('Bottom Up (C)'!$A$80:$O$89,MATCH($B16,$B$12:$B$20,0),MATCH(D$7,'Bottom Up (C)'!$A$89:$O$89,1)+1)-INDEX('Bottom Up (C)'!$A$80:$O$89,MATCH($B16,$B$12:$B$20,0),MATCH(D$7,'Bottom Up (C)'!$A$89:$O$89,1)))+INDEX('Bottom Up (C)'!$A$80:$O$89,MATCH($B16,$B$12:$B$20,0),MATCH(D$7,'Bottom Up (C)'!$A$89:$O$89,1)) -> 0 | E16: =(E$7-INDEX('Bottom Up (C)'!$A$80:$O$89,COUNTA($B$12:$B$20)+1,MATCH(E$7,'Bottom Up (C)'!$A$89:$O$89,1)))/(INDEX('Bottom Up (C)'!$A$80:$O$89,COUNTA($B$12:$B$20)+1,MATCH(E$7,'Bottom Up (C)'!$A$89:$O$89,1)+1)-INDEX('Bottom Up (C)'!$A$80:$O$89,COUNTA($B$12:$B$20)+1,MATCH(E$7,'Bottom Up (C)'!$A$89:$O$89,1)))*(INDEX('Bottom Up (C)'!$A$80:$O$89,MATCH($B16,$B$12:$B$20,0),MATCH(E$7,'Bottom Up (C)'!$A$89:$O$89,1)+1)-INDEX('Bottom Up (C)'!$A$80:$O$89,MATCH($B16,$B$12:$B$20,0),MATCH(E$7,'Bottom Up (C)'!$A$89:$O$89,1)))+INDEX('Bottom Up (C)'!$A$80:$O$89,MATCH($B16,$B$12:$B$20,0),MATCH(E$7,'Bottom Up (C)'!$A$89:$O$89,1)) -> 0 | F16: =(F$7-INDEX('Bottom Up (C)'!$A$80:$O$89,COUNTA($B$12:$B$20)+1,MATCH(F$7,'Bottom Up (C)'!$A$89:$O$89,1)))/(INDEX('Bottom Up (C)'!$A$80:$O$89,COUNTA($B$12:$B$20)+1,MATCH(F$7,'Bottom Up (C)'!$A$89:$O$89,1)+1)-INDEX('Bottom Up (C)'!$A$80:$O$89,COUNTA($B$12:$B$20)+1,MATCH(F$7,'Bottom Up (C)'!$A$89:$O$89,1)))*(INDEX('Bottom Up (C)'!$A$80:$O$89,MATCH($B16,$B$12:$B$20,0),MATCH(F$7,'Bottom Up (C)'!$A$89:$O$89,1)+1)-INDEX('Bottom Up (C)'!$A$80:$O$89,MATCH($B16,$B$12:$B$20,0),MATCH(F$7,'Bottom Up (C)'!$A$89:$O$89,1)))+INDEX('Bottom Up (C)'!$A$80:$O$89,MATCH($B16,$B$12:$B$20,0),MATCH(F$7,'Bottom Up (C)'!$A$89:$O$89,1)) -> 0 | G16: =(G$7-INDEX('Bottom Up (C)'!$A$80:$O$89,COUNTA($B$12:$B$20)+1,MATCH(G$7,'Bottom Up (C)'!$A$89:$O$89,1)))/(INDEX('Bottom Up (C)'!$A$80:$O$89,COUNTA($B$12:$B$20)+1,MATCH(G$7,'Bottom Up (C)'!$A$89:$O$89,1)+1)-INDEX('Bottom Up (C)'!$A$80:$O$89,COUNTA($B$12:$B$20)+1,MATCH(G$7,'Bottom Up (C)'!$A$89:$O$89,1)))*(INDEX('Bottom Up (C)'!$A$80:$O$89,MATCH($B16,$B$12:$B$20,0),MATCH(G$7,'Bottom Up (C)'!$A$89:$O$89,1)+1)-INDEX('Bottom Up (C)'!$A$80:$O$89,MATCH($B16,$B$12:$B$20,0),MATCH(G$7,'Bottom Up (C)'!$A$89:$O$89,1)))+INDEX('Bottom Up (C)'!$A$80:$O$89,MATCH($B16,$B$12:$B$20,0),MATCH(G$7,'Bottom Up (C)'!$A$89:$O$89,1)) -> 0 | H16: =(H$7-INDEX('Bottom Up (C)'!$A$80:$O$89,COUNTA($B$12:$B$20)+1,MATCH(H$7,'Bottom Up (C)'!$A$89:$O$89,1)))/(INDEX('Bottom Up (C)'!$A$80:$O$89,COUNTA($B$12:$B$20)+1,MATCH(H$7,'Bottom Up (C)'!$A$89:$O$89,1)+1)-INDEX('Bottom Up (C)'!$A$80:$O$89,COUNTA($B$12:$B$20)+1,MATCH(H$7,'Bottom Up (C)'!$A$89:$O$89,1)))*(INDEX('Bottom Up (C)'!$A$80:$O$89,MATCH($B16,$B$12:$B$20,0),MATCH(H$7,'Bottom Up (C)'!$A$89:$O$89,1)+1)-INDEX('Bottom Up (C)'!$A$80:$O$89,MATCH($B16,$B$12:$B$20,0),MATCH(H$7,'Bottom Up (C)'!$A$89:$O$89,1)))+INDEX('Bottom Up (C)'!$A$80:$O$89,MATCH($B16,$B$12:$B$20,0),MATCH(H$7,'Bottom Up (C)'!$A$89:$O$89,1)) -> 15000000 | I16: =(I$7-INDEX('Bottom Up (C)'!$A$80:$O$89,COUNTA($B$12:$B$20)+1,MATCH(I$7,'Bottom Up (C)'!$A$89:$O$89,1)))/(INDEX('Bottom Up (C)'!$A$80:$O$89,COUNTA($B$12:$B$20)+1,MATCH(I$7,'Bottom Up (C)'!$A$89:$O$89,1)+1)-INDEX('Bottom Up (C)'!$A$80:$O$89,COUNTA($B$12:$B$20)+1,MATCH(I$7,'Bottom Up (C)'!$A$89:$O$89,1)))*(INDEX('Bottom Up (C)'!$A$80:$O$89,MATCH($B16,$B$12:$B$20,0),MATCH(I$7,'Bottom Up (C)'!$A$89:$O$89,1)+1)-INDEX('Bottom Up (C)'!$A$80:$O$89,MATCH($B16,$B$12:$B$20,0),MATCH(I$7,'Bottom Up (C)'!$A$89:$O$89,1)))+INDEX('Bottom Up (C)'!$A$80:$O$89,MATCH($B16,$B$12:$B$20,0),MATCH(I$7,'Bottom Up (C)'!$A$89:$O$89,1)) -> 30000000 | J16: =(J$7-INDEX('Bottom Up (C)'!$A$80:$O$89,COUNTA($B$12:$B$20)+1,MATCH(J$7,'Bottom Up (C)'!$A$89:$O$89,1)))/(INDEX('Bottom Up (C)'!$A$80:$O$89,COUNTA($B$12:$B$20)+1,MATCH(J$7,'Bottom Up (C)'!$A$89:$O$89,1)+1)-INDEX('Bottom Up (C)'!$A$80:$O$89,COUNTA($B$12:$B$20)+1,MATCH(J$7,'Bottom Up (C)'!$A$89:$O$89,1)))*(INDEX('Bottom Up (C)'!$A$80:$O$89,MATCH($B16,$B$12:$B$20,0),MATCH(J$7,'Bottom Up (C)'!$A$89:$O$89,1)+1)-INDEX('Bottom Up (C)'!$A$80:$O$89,MATCH($B16,$B$12:$B$20,0),MATCH(J$7,'Bottom Up (C)'!$A$89:$O$89,1)))+INDEX('Bottom Up (C)'!$A$80:$O$89,MATCH($B16,$B$12:$B$20,0),MATCH(J$7,'Bottom Up (C)'!$A$89:$O$89,1)) -> 45000000 | K16: =(K$7-INDEX('Bottom Up (C)'!$A$80:$O$89,COUNTA($B$12:$B$20)+1,MATCH(K$7,'Bottom Up (C)'!$A$89:$O$89,1)))/(INDEX('Bottom Up (C)'!$A$80:$O$89,COUNTA($B$12:$B$20)+1,MATCH(K$7,'Bottom Up (C)'!$A$89:$O$89,1)+1)-INDEX('Bottom Up (C)'!$A$80:$O$89,COUNTA($B$12:$B$20)+1,MATCH(K$7,'Bottom Up (C)'!$A$89:$O$89,1)))*(INDEX('Bottom Up (C)'!$A$80:$O$89,MATCH($B16,$B$12:$B$20,0),MATCH(K$7,'Bottom Up (C)'!$A$89:$O$89,1)+1)-INDEX('Bottom Up (C)'!$A$80:$O$89,MATCH($B16,$B$12:$B$20,0),MATCH(K$7,'Bottom Up (C)'!$A$89:$O$89,1)))+INDEX('Bottom Up (C)'!$A$80:$O$89,MATCH($B16,$B$12:$B$20,0),MATCH(K$7,'Bottom Up (C)'!$A$89:$O$89,1)) -> 60000000 | ... N16: =(N$7-INDEX('Bottom Up (C)'!$A$80:$O$89,COUNTA($B$12:$B$20)+1,MATCH(N$7,'Bottom Up (C)'!$A$89:$O$89,1)))/(INDEX('Bottom Up (C)'!$A$80:$O$89,COUNTA($B$12:$B$20)+1,MATCH(N$7,'Bottom Up (C)'!$A$89:$O$89,1)+1)-INDEX('Bottom Up (C)'!$A$80:$O$89,COUNTA($B$12:$B$20)+1,MATCH(N$7,'Bottom Up (C)'!$A$89:$O$89,1)))*(INDEX('Bottom Up (C)'!$A$80:$O$89,MATCH($B16,$B$12:$B$20,0),MATCH(N$7,'Bottom Up (C)'!$A$89:$O$89,1)+1)-INDEX('Bottom Up (C)'!$A$80:$O$89,MATCH($B16,$B$12:$B$20,0),MATCH(N$7,'Bottom Up (C)'!$A$89:$O$89,1)))+INDEX('Bottom Up (C)'!$A$80:$O$89,MATCH($B16,$B$12:$B$20,0),MATCH(N$7,'Bottom Up (C)'!$A$89:$O$89,1)) -> 4.1916667e+08
B17: Common Options Z | D17: =(D$7-INDEX('Bottom Up (C)'!$A$80:$O$89,COUNTA($B$12:$B$20)+1,MATCH(D$7,'Bottom Up (C)'!$A$89:$O$89,1)))/(INDEX('Bottom Up (C)'!$A$80:$O$89,COUNTA($B$12:$B$20)+1,MATCH(D$7,'Bottom Up (C)'!$A$89:$O$89,1)+1)-INDEX('Bottom Up (C)'!$A$80:$O$89,COUNTA($B$12:$B$20)+1,MATCH(D$7,'Bottom Up (C)'!$A$89:$O$89,1)))*(INDEX('Bottom Up (C)'!$A$80:$O$89,MATCH($B17,$B$12:$B$20,0),MATCH(D$7,'Bottom Up (C)'!$A$89:$O$89,1)+1)-INDEX('Bottom Up (C)'!$A$80:$O$89,MATCH($B17,$B$12:$B$20,0),MATCH(D$7,'Bottom Up (C)'!$A$89:$O$89,1)))+INDEX('Bottom Up (C)'!$A$80:$O$89,MATCH($B17,$B$12:$B$20,0),MATCH(D$7,'Bottom Up (C)'!$A$89:$O$89,1)) -> 0 | E17: =(E$7-INDEX('Bottom Up (C)'!$A$80:$O$89,COUNTA($B$12:$B$20)+1,MATCH(E$7,'Bottom Up (C)'!$A$89:$O$89,1)))/(INDEX('Bottom Up (C)'!$A$80:$O$89,COUNTA($B$12:$B$20)+1,MATCH(E$7,'Bottom Up (C)'!$A$89:$O$89,1)+1)-INDEX('Bottom Up (C)'!$A$80:$O$89,COUNTA($B$12:$B$20)+1,MATCH(E$7,'Bottom Up (C)'!$A$89:$O$89,1)))*(INDEX('Bottom Up (C)'!$A$80:$O$89,MATCH($B17,$B$12:$B$20,0),MATCH(E$7,'Bottom Up (C)'!$A$89:$O$89,1)+1)-INDEX('Bottom Up (C)'!$A$80:$O$89,MATCH($B17,$B$12:$B$20,0),MATCH(E$7,'Bottom Up (C)'!$A$89:$O$89,1)))+INDEX('Bottom Up (C)'!$A$80:$O$89,MATCH($B17,$B$12:$B$20,0),MATCH(E$7,'Bottom Up (C)'!$A$89:$O$89,1)) -> 0 | F17: =(F$7-INDEX('Bottom Up (C)'!$A$80:$O$89,COUNTA($B$12:$B$20)+1,MATCH(F$7,'Bottom Up (C)'!$A$89:$O$89,1)))/(INDEX('Bottom Up (C)'!$A$80:$O$89,COUNTA($B$12:$B$20)+1,MATCH(F$7,'Bottom Up (C)'!$A$89:$O$89,1)+1)-INDEX('Bottom Up (C)'!$A$80:$O$89,COUNTA($B$12:$B$20)+1,MATCH(F$7,'Bottom Up (C)'!$A$89:$O$89,1)))*(INDEX('Bottom Up (C)'!$A$80:$O$89,MATCH($B17,$B$12:$B$20,0),MATCH(F$7,'Bottom Up (C)'!$A$89:$O$89,1)+1)-INDEX('Bottom Up (C)'!$A$80:$O$89,MATCH($B17,$B$12:$B$20,0),MATCH(F$7,'Bottom Up (C)'!$A$89:$O$89,1)))+INDEX('Bottom Up (C)'!$A$80:$O$89,MATCH($B17,$B$12:$B$20,0),MATCH(F$7,'Bottom Up (C)'!$A$89:$O$89,1)) -> 0 | G17: =(G$7-INDEX('Bottom Up (C)'!$A$80:$O$89,COUNTA($B$12:$B$20)+1,MATCH(G$7,'Bottom Up (C)'!$A$89:$O$89,1)))/(INDEX('Bottom Up (C)'!$A$80:$O$89,COUNTA($B$12:$B$20)+1,MATCH(G$7,'Bottom Up (C)'!$A$89:$O$89,1)+1)-INDEX('Bottom Up (C)'!$A$80:$O$89,COUNTA($B$12:$B$20)+1,MATCH(G$7,'Bottom Up (C)'!$A$89:$O$89,1)))*(INDEX('Bottom Up (C)'!$A$80:$O$89,MATCH($B17,$B$12:$B$20,0),MATCH(G$7,'Bottom Up (C)'!$A$89:$O$89,1)+1)-INDEX('Bottom Up (C)'!$A$80:$O$89,MATCH($B17,$B$12:$B$20,0),MATCH(G$7,'Bottom Up (C)'!$A$89:$O$89,1)))+INDEX('Bottom Up (C)'!$A$80:$O$89,MATCH($B17,$B$12:$B$20,0),MATCH(G$7,'Bottom Up (C)'!$A$89:$O$89,1)) -> 0 | H17: =(H$7-INDEX('Bottom Up (C)'!$A$80:$O$89,COUNTA($B$12:$B$20)+1,MATCH(H$7,'Bottom Up (C)'!$A$89:$O$89,1)))/(INDEX('Bottom Up (C)'!$A$80:$O$89,COUNTA($B$12:$B$20)+1,MATCH(H$7,'Bottom Up (C)'!$A$89:$O$89,1)+1)-INDEX('Bottom Up (C)'!$A$80:$O$89,COUNTA($B$12:$B$20)+1,MATCH(H$7,'Bottom Up (C)'!$A$89:$O$89,1)))*(INDEX('Bottom Up (C)'!$A$80:$O$89,MATCH($B17,$B$12:$B$20,0),MATCH(H$7,'Bottom Up (C)'!$A$89:$O$89,1)+1)-INDEX('Bottom Up (C)'!$A$80:$O$89,MATCH($B17,$B$12:$B$20,0),MATCH(H$7,'Bottom Up (C)'!$A$89:$O$89,1)))+INDEX('Bottom Up (C)'!$A$80:$O$89,MATCH($B17,$B$12:$B$20,0),MATCH(H$7,'Bottom Up (C)'!$A$89:$O$89,1)) -> 0 | I17: =(I$7-INDEX('Bottom Up (C)'!$A$80:$O$89,COUNTA($B$12:$B$20)+1,MATCH(I$7,'Bottom Up (C)'!$A$89:$O$89,1)))/(INDEX('Bottom Up (C)'!$A$80:$O$89,COUNTA($B$12:$B$20)+1,MATCH(I$7,'Bottom Up (C)'!$A$89:$O$89,1)+1)-INDEX('Bottom Up (C)'!$A$80:$O$89,COUNTA($B$12:$B$20)+1,MATCH(I$7,'Bottom Up (C)'!$A$89:$O$89,1)))*(INDEX('Bottom Up (C)'!$A$80:$O$89,MATCH($B17,$B$12:$B$20,0),MATCH(I$7,'Bottom Up (C)'!$A$89:$O$89,1)+1)-INDEX('Bottom Up (C)'!$A$80:$O$89,MATCH($B17,$B$12:$B$20,0),MATCH(I$7,'Bottom Up (C)'!$A$89:$O$89,1)))+INDEX('Bottom Up (C)'!$A$80:$O$89,MATCH($B17,$B$12:$B$20,0),MATCH(I$7,'Bottom Up (C)'!$A$89:$O$89,1)) -> 1000000 | J17: =(J$7-INDEX('Bottom Up (C)'!$A$80:$O$89,COUNTA($B$12:$B$20)+1,MATCH(J$7,'Bottom Up (C)'!$A$89:$O$89,1)))/(INDEX('Bottom Up (C)'!$A$80:$O$89,COUNTA($B$12:$B$20)+1,MATCH(J$7,'Bottom Up (C)'!$A$89:$O$89,1)+1)-INDEX('Bottom Up (C)'!$A$80:$O$89,COUNTA($B$12:$B$20)+1,MATCH(J$7,'Bottom Up (C)'!$A$89:$O$89,1)))*(INDEX('Bottom Up (C)'!$A$80:$O$89,MATCH($B17,$B$12:$B$20,0),MATCH(J$7,'Bottom Up (C)'!$A$89:$O$89,1)+1)-INDEX('Bottom Up (C)'!$A$80:$O$89,MATCH($B17,$B$12:$B$20,0),MATCH(J$7,'Bottom Up (C)'!$A$89:$O$89,1)))+INDEX('Bottom Up (C)'!$A$80:$O$89,MATCH($B17,$B$12:$B$20,0),MATCH(J$7,'Bottom Up (C)'!$A$89:$O$89,1)) -> 2000000 | K17: =(K$7-INDEX('Bottom Up (C)'!$A$80:$O$89,COUNTA($B$12:$B$20)+1,MATCH(K$7,'Bottom Up (C)'!$A$89:$O$89,1)))/(INDEX('Bottom Up (C)'!$A$80:$O$89,COUNTA($B$12:$B$20)+1,MATCH(K$7,'Bottom Up (C)'!$A$89:$O$89,1)+1)-INDEX('Bottom Up (C)'!$A$80:$O$89,COUNTA($B$12:$B$20)+1,MATCH(K$7,'Bottom Up (C)'!$A$89:$O$89,1)))*(INDEX('Bottom Up (C)'!$A$80:$O$89,MATCH($B17,$B$12:$B$20,0),MATCH(K$7,'Bottom Up (C)'!$A$89:$O$89,1)+1)-INDEX('Bottom Up (C)'!$A$80:$O$89,MATCH($B17,$B$12:$B$20,0),MATCH(K$7,'Bottom Up (C)'!$A$89:$O$89,1)))+INDEX('Bottom Up (C)'!$A$80:$O$89,MATCH($B17,$B$12:$B$20,0),MATCH(K$7,'Bottom Up (C)'!$A$89:$O$89,1)) -> 3000000 | ... N17: =(N$7-INDEX('Bottom Up (C)'!$A$80:$O$89,COUNTA($B$12:$B$20)+1,MATCH(N$7,'Bottom Up (C)'!$A$89:$O$89,1)))/(INDEX('Bottom Up (C)'!$A$80:$O$89,COUNTA($B$12:$B$20)+1,MATCH(N$7,'Bottom Up (C)'!$A$89:$O$89,1)+1)-INDEX('Bottom Up (C)'!$A$80:$O$89,COUNTA($B$12:$B$20)+1,MATCH(N$7,'Bottom Up (C)'!$A$89:$O$89,1)))*(INDEX('Bottom Up (C)'!$A$80:$O$89,MATCH($B17,$B$12:$B$20,0),MATCH(N$7,'Bottom Up (C)'!$A$89:$O$89,1)+1)-INDEX('Bottom Up (C)'!$A$80:$O$89,MATCH($B17,$B$12:$B$20,0),MATCH(N$7,'Bottom Up (C)'!$A$89:$O$89,1)))+INDEX('Bottom Up (C)'!$A$80:$O$89,MATCH($B17,$B$12:$B$20,0),MATCH(N$7,'Bottom Up (C)'!$A$89:$O$89,1)) -> 26944444
B18: Common Options Y | D18: =(D$7-INDEX('Bottom Up (C)'!$A$80:$O$89,COUNTA($B$12:$B$20)+1,MATCH(D$7,'Bottom Up (C)'!$A$89:$O$89,1)))/(INDEX('Bottom Up (C)'!$A$80:$O$89,COUNTA($B$12:$B$20)+1,MATCH(D$7,'Bottom Up (C)'!$A$89:$O$89,1)+1)-INDEX('Bottom Up (C)'!$A$80:$O$89,COUNTA($B$12:$B$20)+1,MATCH(D$7,'Bottom Up (C)'!$A$89:$O$89,1)))*(INDEX('Bottom Up (C)'!$A$80:$O$89,MATCH($B18,$B$12:$B$20,0),MATCH(D$7,'Bottom Up (C)'!$A$89:$O$89,1)+1)-INDEX('Bottom Up (C)'!$A$80:$O$89,MATCH($B18,$B$12:$B$20,0),MATCH(D$7,'Bottom Up (C)'!$A$89:$O$89,1)))+INDEX('Bottom Up (C)'!$A$80:$O$89,MATCH($B18,$B$12:$B$20,0),MATCH(D$7,'Bottom Up (C)'!$A$89:$O$89,1)) -> 0 | E18: =(E$7-INDEX('Bottom Up (C)'!$A$80:$O$89,COUNTA($B$12:$B$20)+1,MATCH(E$7,'Bottom Up (C)'!$A$89:$O$89,1)))/(INDEX('Bottom Up (C)'!$A$80:$O$89,COUNTA($B$12:$B$20)+1,MATCH(E$7,'Bottom Up (C)'!$A$89:$O$89,1)+1)-INDEX('Bottom Up (C)'!$A$80:$O$89,COUNTA($B$12:$B$20)+1,MATCH(E$7,'Bottom Up (C)'!$A$89:$O$89,1)))*(INDEX('Bottom Up (C)'!$A$80:$O$89,MATCH($B18,$B$12:$B$20,0),MATCH(E$7,'Bottom Up (C)'!$A$89:$O$89,1)+1)-INDEX('Bottom Up (C)'!$A$80:$O$89,MATCH($B18,$B$12:$B$20,0),MATCH(E$7,'Bottom Up (C)'!$A$89:$O$89,1)))+INDEX('Bottom Up (C)'!$A$80:$O$89,MATCH($B18,$B$12:$B$20,0),MATCH(E$7,'Bottom Up (C)'!$A$89:$O$89,1)) -> 0 | F18: =(F$7-INDEX('Bottom Up (C)'!$A$80:$O$89,COUNTA($B$12:$B$20)+1,MATCH(F$7,'Bottom Up (C)'!$A$89:$O$89,1)))/(INDEX('Bottom Up (C)'!$A$80:$O$89,COUNTA($B$12:$B$20)+1,MATCH(F$7,'Bottom Up (C)'!$A$89:$O$89,1)+1)-INDEX('Bottom Up (C)'!$A$80:$O$89,COUNTA($B$12:$B$20)+1,MATCH(F$7,'Bottom Up (C)'!$A$89:$O$89,1)))*(INDEX('Bottom Up (C)'!$A$80:$O$89,MATCH($B18,$B$12:$B$20,0),MATCH(F$7,'Bottom Up (C)'!$A$89:$O$89,1)+1)-INDEX('Bottom Up (C)'!$A$80:$O$89,MATCH($B18,$B$12:$B$20,0),MATCH(F$7,'Bottom Up (C)'!$A$89:$O$89,1)))+INDEX('Bottom Up (C)'!$A$80:$O$89,MATCH($B18,$B$12:$B$20,0),MATCH(F$7,'Bottom Up (C)'!$A$89:$O$89,1)) -> 0 | G18: =(G$7-INDEX('Bottom Up (C)'!$A$80:$O$89,COUNTA($B$12:$B$20)+1,MATCH(G$7,'Bottom Up (C)'!$A$89:$O$89,1)))/(INDEX('Bottom Up (C)'!$A$80:$O$89,COUNTA($B$12:$B$20)+1,MATCH(G$7,'Bottom Up (C)'!$A$89:$O$89,1)+1)-INDEX('Bottom Up (C)'!$A$80:$O$89,COUNTA($B$12:$B$20)+1,MATCH(G$7,'Bottom Up (C)'!$A$89:$O$89,1)))*(INDEX('Bottom Up (C)'!$A$80:$O$89,MATCH($B18,$B$12:$B$20,0),MATCH(G$7,'Bottom Up (C)'!$A$89:$O$89,1)+1)-INDEX('Bottom Up (C)'!$A$80:$O$89,MATCH($B18,$B$12:$B$20,0),MATCH(G$7,'Bottom Up (C)'!$A$89:$O$89,1)))+INDEX('Bottom Up (C)'!$A$80:$O$89,MATCH($B18,$B$12:$B$20,0),MATCH(G$7,'Bottom Up (C)'!$A$89:$O$89,1)) -> 0 | H18: =(H$7-INDEX('Bottom Up (C)'!$A$80:$O$89,COUNTA($B$12:$B$20)+1,MATCH(H$7,'Bottom Up (C)'!$A$89:$O$89,1)))/(INDEX('Bottom Up (C)'!$A$80:$O$89,COUNTA($B$12:$B$20)+1,MATCH(H$7,'Bottom Up (C)'!$A$89:$O$89,1)+1)-INDEX('Bottom Up (C)'!$A$80:$O$89,COUNTA($B$12:$B$20)+1,MATCH(H$7,'Bottom Up (C)'!$A$89:$O$89,1)))*(INDEX('Bottom Up (C)'!$A$80:$O$89,MATCH($B18,$B$12:$B$20,0),MATCH(H$7,'Bottom Up (C)'!$A$89:$O$89,1)+1)-INDEX('Bottom Up (C)'!$A$80:$O$89,MATCH($B18,$B$12:$B$20,0),MATCH(H$7,'Bottom Up (C)'!$A$89:$O$89,1)))+INDEX('Bottom Up (C)'!$A$80:$O$89,MATCH($B18,$B$12:$B$20,0),MATCH(H$7,'Bottom Up (C)'!$A$89:$O$89,1)) -> 0 | I18: =(I$7-INDEX('Bottom Up (C)'!$A$80:$O$89,COUNTA($B$12:$B$20)+1,MATCH(I$7,'Bottom Up (C)'!$A$89:$O$89,1)))/(INDEX('Bottom Up (C)'!$A$80:$O$89,COUNTA($B$12:$B$20)+1,MATCH(I$7,'Bottom Up (C)'!$A$89:$O$89,1)+1)-INDEX('Bottom Up (C)'!$A$80:$O$89,COUNTA($B$12:$B$20)+1,MATCH(I$7,'Bottom Up (C)'!$A$89:$O$89,1)))*(INDEX('Bottom Up (C)'!$A$80:$O$89,MATCH($B18,$B$12:$B$20,0),MATCH(I$7,'Bottom Up (C)'!$A$89:$O$89,1)+1)-INDEX('Bottom Up (C)'!$A$80:$O$89,MATCH($B18,$B$12:$B$20,0),MATCH(I$7,'Bottom Up (C)'!$A$89:$O$89,1)))+INDEX('Bottom Up (C)'!$A$80:$O$89,MATCH($B18,$B$12:$B$20,0),MATCH(I$7,'Bottom Up (C)'!$A$89:$O$89,1)) -> 0 | J18: =(J$7-INDEX('Bottom Up (C)'!$A$80:$O$89,COUNTA($B$12:$B$20)+1,MATCH(J$7,'Bottom Up (C)'!$A$89:$O$89,1)))/(INDEX('Bottom Up (C)'!$A$80:$O$89,COUNTA($B$12:$B$20)+1,MATCH(J$7,'Bottom Up (C)'!$A$89:$O$89,1)+1)-INDEX('Bottom Up (C)'!$A$80:$O$89,COUNTA($B$12:$B$20)+1,MATCH(J$7,'Bottom Up (C)'!$A$89:$O$89,1)))*(INDEX('Bottom Up (C)'!$A$80:$O$89,MATCH($B18,$B$12:$B$20,0),MATCH(J$7,'Bottom Up (C)'!$A$89:$O$89,1)+1)-INDEX('Bottom Up (C)'!$A$80:$O$89,MATCH($B18,$B$12:$B$20,0),MATCH(J$7,'Bottom Up (C)'!$A$89:$O$89,1)))+INDEX('Bottom Up (C)'!$A$80:$O$89,MATCH($B18,$B$12:$B$20,0),MATCH(J$7,'Bottom Up (C)'!$A$89:$O$89,1)) -> 1000000 | K18: =(K$7-INDEX('Bottom Up (C)'!$A$80:$O$89,COUNTA($B$12:$B$20)+1,MATCH(K$7,'Bottom Up (C)'!$A$89:$O$89,1)))/(INDEX('Bottom Up (C)'!$A$80:$O$89,COUNTA($B$12:$B$20)+1,MATCH(K$7,'Bottom Up (C)'!$A$89:$O$89,1)+1)-INDEX('Bottom Up (C)'!$A$80:$O$89,COUNTA($B$12:$B$20)+1,MATCH(K$7,'Bottom Up (C)'!$A$89:$O$89,1)))*(INDEX('Bottom Up (C)'!$A$80:$O$89,MATCH($B18,$B$12:$B$20,0),MATCH(K$7,'Bottom Up (C)'!$A$89:$O$89,1)+1)-INDEX('Bottom Up (C)'!$A$80:$O$89,MATCH($B18,$B$12:$B$20,0),MATCH(K$7,'Bottom Up (C)'!$A$89:$O$89,1)))+INDEX('Bottom Up (C)'!$A$80:$O$89,MATCH($B18,$B$12:$B$20,0),MATCH(K$7,'Bottom Up (C)'!$A$89:$O$89,1)) -> 2000000 | ... N18: =(N$7-INDEX('Bottom Up (C)'!$A$80:$O$89,COUNTA($B$12:$B$20)+1,MATCH(N$7,'Bottom Up (C)'!$A$89:$O$89,1)))/(INDEX('Bottom Up (C)'!$A$80:$O$89,COUNTA($B$12:$B$20)+1,MATCH(N$7,'Bottom Up (C)'!$A$89:$O$89,1)+1)-INDEX('Bottom Up (C)'!$A$80:$O$89,COUNTA($B$12:$B$20)+1,MATCH(N$7,'Bottom Up (C)'!$A$89:$O$89,1)))*(INDEX('Bottom Up (C)'!$A$80:$O$89,MATCH($B18,$B$12:$B$20,0),MATCH(N$7,'Bottom Up (C)'!$A$89:$O$89,1)+1)-INDEX('Bottom Up (C)'!$A$80:$O$89,MATCH($B18,$B$12:$B$20,0),MATCH(N$7,'Bottom Up (C)'!$A$89:$O$89,1)))+INDEX('Bottom Up (C)'!$A$80:$O$89,MATCH($B18,$B$12:$B$20,0),MATCH(N$7,'Bottom Up (C)'!$A$89:$O$89,1)) -> 25944444
B19: Common Options X | D19: =(D$7-INDEX('Bottom Up (C)'!$A$80:$O$89,COUNTA($B$12:$B$20)+1,MATCH(D$7,'Bottom Up (C)'!$A$89:$O$89,1)))/(INDEX('Bottom Up (C)'!$A$80:$O$89,COUNTA($B$12:$B$20)+1,MATCH(D$7,'Bottom Up (C)'!$A$89:$O$89,1)+1)-INDEX('Bottom Up (C)'!$A$80:$O$89,COUNTA($B$12:$B$20)+1,MATCH(D$7,'Bottom Up (C)'!$A$89:$O$89,1)))*(INDEX('Bottom Up (C)'!$A$80:$O$89,MATCH($B19,$B$12:$B$20,0),MATCH(D$7,'Bottom Up (C)'!$A$89:$O$89,1)+1)-INDEX('Bottom Up (C)'!$A$80:$O$89,MATCH($B19,$B$12:$B$20,0),MATCH(D$7,'Bottom Up (C)'!$A$89:$O$89,1)))+INDEX('Bottom Up (C)'!$A$80:$O$89,MATCH($B19,$B$12:$B$20,0),MATCH(D$7,'Bottom Up (C)'!$A$89:$O$89,1)) -> 0 | E19: =(E$7-INDEX('Bottom Up (C)'!$A$80:$O$89,COUNTA($B$12:$B$20)+1,MATCH(E$7,'Bottom Up (C)'!$A$89:$O$89,1)))/(INDEX('Bottom Up (C)'!$A$80:$O$89,COUNTA($B$12:$B$20)+1,MATCH(E$7,'Bottom Up (C)'!$A$89:$O$89,1)+1)-INDEX('Bottom Up (C)'!$A$80:$O$89,COUNTA($B$12:$B$20)+1,MATCH(E$7,'Bottom Up (C)'!$A$89:$O$89,1)))*(INDEX('Bottom Up (C)'!$A$80:$O$89,MATCH($B19,$B$12:$B$20,0),MATCH(E$7,'Bottom Up (C)'!$A$89:$O$89,1)+1)-INDEX('Bottom Up (C)'!$A$80:$O$89,MATCH($B19,$B$12:$B$20,0),MATCH(E$7,'Bottom Up (C)'!$A$89:$O$89,1)))+INDEX('Bottom Up (C)'!$A$80:$O$89,MATCH($B19,$B$12:$B$20,0),MATCH(E$7,'Bottom Up (C)'!$A$89:$O$89,1)) -> 0 | F19: =(F$7-INDEX('Bottom Up (C)'!$A$80:$O$89,COUNTA($B$12:$B$20)+1,MATCH(F$7,'Bottom Up (C)'!$A$89:$O$89,1)))/(INDEX('Bottom Up (C)'!$A$80:$O$89,COUNTA($B$12:$B$20)+1,MATCH(F$7,'Bottom Up (C)'!$A$89:$O$89,1)+1)-INDEX('Bottom Up (C)'!$A$80:$O$89,COUNTA($B$12:$B$20)+1,MATCH(F$7,'Bottom Up (C)'!$A$89:$O$89,1)))*(INDEX('Bottom Up (C)'!$A$80:$O$89,MATCH($B19,$B$12:$B$20,0),MATCH(F$7,'Bottom Up (C)'!$A$89:$O$89,1)+1)-INDEX('Bottom Up (C)'!$A$80:$O$89,MATCH($B19,$B$12:$B$20,0),MATCH(F$7,'Bottom Up (C)'!$A$89:$O$89,1)))+INDEX('Bottom Up (C)'!$A$80:$O$89,MATCH($B19,$B$12:$B$20,0),MATCH(F$7,'Bottom Up (C)'!$A$89:$O$89,1)) -> 0 | G19: =(G$7-INDEX('Bottom Up (C)'!$A$80:$O$89,COUNTA($B$12:$B$20)+1,MATCH(G$7,'Bottom Up (C)'!$A$89:$O$89,1)))/(INDEX('Bottom Up (C)'!$A$80:$O$89,COUNTA($B$12:$B$20)+1,MATCH(G$7,'Bottom Up (C)'!$A$89:$O$89,1)+1)-INDEX('Bottom Up (C)'!$A$80:$O$89,COUNTA($B$12:$B$20)+1,MATCH(G$7,'Bottom Up (C)'!$A$89:$O$89,1)))*(INDEX('Bottom Up (C)'!$A$80:$O$89,MATCH($B19,$B$12:$B$20,0),MATCH(G$7,'Bottom Up (C)'!$A$89:$O$89,1)+1)-INDEX('Bottom Up (C)'!$A$80:$O$89,MATCH($B19,$B$12:$B$20,0),MATCH(G$7,'Bottom Up (C)'!$A$89:$O$89,1)))+INDEX('Bottom Up (C)'!$A$80:$O$89,MATCH($B19,$B$12:$B$20,0),MATCH(G$7,'Bottom Up (C)'!$A$89:$O$89,1)) -> 0 | H19: =(H$7-INDEX('Bottom Up (C)'!$A$80:$O$89,COUNTA($B$12:$B$20)+1,MATCH(H$7,'Bottom Up (C)'!$A$89:$O$89,1)))/(INDEX('Bottom Up (C)'!$A$80:$O$89,COUNTA($B$12:$B$20)+1,MATCH(H$7,'Bottom Up (C)'!$A$89:$O$89,1)+1)-INDEX('Bottom Up (C)'!$A$80:$O$89,COUNTA($B$12:$B$20)+1,MATCH(H$7,'Bottom Up (C)'!$A$89:$O$89,1)))*(INDEX('Bottom Up (C)'!$A$80:$O$89,MATCH($B19,$B$12:$B$20,0),MATCH(H$7,'Bottom Up (C)'!$A$89:$O$89,1)+1)-INDEX('Bottom Up (C)'!$A$80:$O$89,MATCH($B19,$B$12:$B$20,0),MATCH(H$7,'Bottom Up (C)'!$A$89:$O$89,1)))+INDEX('Bottom Up (C)'!$A$80:$O$89,MATCH($B19,$B$12:$B$20,0),MATCH(H$7,'Bottom Up (C)'!$A$89:$O$89,1)) -> 0 | I19: =(I$7-INDEX('Bottom Up (C)'!$A$80:$O$89,COUNTA($B$12:$B$20)+1,MATCH(I$7,'Bottom Up (C)'!$A$89:$O$89,1)))/(INDEX('Bottom Up (C)'!$A$80:$O$89,COUNTA($B$12:$B$20)+1,MATCH(I$7,'Bottom Up (C)'!$A$89:$O$89,1)+1)-INDEX('Bottom Up (C)'!$A$80:$O$89,COUNTA($B$12:$B$20)+1,MATCH(I$7,'Bottom Up (C)'!$A$89:$O$89,1)))*(INDEX('Bottom Up (C)'!$A$80:$O$89,MATCH($B19,$B$12:$B$20,0),MATCH(I$7,'Bottom Up (C)'!$A$89:$O$89,1)+1)-INDEX('Bottom Up (C)'!$A$80:$O$89,MATCH($B19,$B$12:$B$20,0),MATCH(I$7,'Bottom Up (C)'!$A$89:$O$89,1)))+INDEX('Bottom Up (C)'!$A$80:$O$89,MATCH($B19,$B$12:$B$20,0),MATCH(I$7,'Bottom Up (C)'!$A$89:$O$89,1)) -> 0 | J19: =(J$7-INDEX('Bottom Up (C)'!$A$80:$O$89,COUNTA($B$12:$B$20)+1,MATCH(J$7,'Bottom Up (C)'!$A$89:$O$89,1)))/(INDEX('Bottom Up (C)'!$A$80:$O$89,COUNTA($B$12:$B$20)+1,MATCH(J$7,'Bottom Up (C)'!$A$89:$O$89,1)+1)-INDEX('Bottom Up (C)'!$A$80:$O$89,COUNTA($B$12:$B$20)+1,MATCH(J$7,'Bottom Up (C)'!$A$89:$O$89,1)))*(INDEX('Bottom Up (C)'!$A$80:$O$89,MATCH($B19,$B$12:$B$20,0),MATCH(J$7,'Bottom Up (C)'!$A$89:$O$89,1)+1)-INDEX('Bottom Up (C)'!$A$80:$O$89,MATCH($B19,$B$12:$B$20,0),MATCH(J$7,'Bottom Up (C)'!$A$89:$O$89,1)))+INDEX('Bottom Up (C)'!$A$80:$O$89,MATCH($B19,$B$12:$B$20,0),MATCH(J$7,'Bottom Up (C)'!$A$89:$O$89,1)) -> 0 | K19: =(K$7-INDEX('Bottom Up (C)'!$A$80:$O$89,COUNTA($B$12:$B$20)+1,MATCH(K$7,'Bottom Up (C)'!$A$89:$O$89,1)))/(INDEX('Bottom Up (C)'!$A$80:$O$89,COUNTA($B$12:$B$20)+1,MATCH(K$7,'Bottom Up (C)'!$A$89:$O$89,1)+1)-INDEX('Bottom Up (C)'!$A$80:$O$89,COUNTA($B$12:$B$20)+1,MATCH(K$7,'Bottom Up (C)'!$A$89:$O$89,1)))*(INDEX('Bottom Up (C)'!$A$80:$O$89,MATCH($B19,$B$12:$B$20,0),MATCH(K$7,'Bottom Up (C)'!$A$89:$O$89,1)+1)-INDEX('Bottom Up (C)'!$A$80:$O$89,MATCH($B19,$B$12:$B$20,0),MATCH(K$7,'Bottom Up (C)'!$A$89:$O$89,1)))+INDEX('Bottom Up (C)'!$A$80:$O$89,MATCH($B19,$B$12:$B$20,0),MATCH(K$7,'Bottom Up (C)'!$A$89:$O$89,1)) -> 1000000 | ... N19: =(N$7-INDEX('Bottom Up (C)'!$A$80:$O$89,COUNTA($B$12:$B$20)+1,MATCH(N$7,'Bottom Up (C)'!$A$89:$O$89,1)))/(INDEX('Bottom Up (C)'!$A$80:$O$89,COUNTA($B$12:$B$20)+1,MATCH(N$7,'Bottom Up (C)'!$A$89:$O$89,1)+1)-INDEX('Bottom Up (C)'!$A$80:$O$89,COUNTA($B$12:$B$20)+1,MATCH(N$7,'Bottom Up (C)'!$A$89:$O$89,1)))*(INDEX('Bottom Up (C)'!$A$80:$O$89,MATCH($B19,$B$12:$B$20,0),MATCH(N$7,'Bottom Up (C)'!$A$89:$O$89,1)+1)-INDEX('Bottom Up (C)'!$A$80:$O$89,MATCH($B19,$B$12:$B$20,0),MATCH(N$7,'Bottom Up (C)'!$A$89:$O$89,1)))+INDEX('Bottom Up (C)'!$A$80:$O$89,MATCH($B19,$B$12:$B$20,0),MATCH(N$7,'Bottom Up (C)'!$A$89:$O$89,1)) -> 24944444
B20: Common Options R | D20: =(D$7-INDEX('Bottom Up (C)'!$A$80:$O$89,COUNTA($B$12:$B$20)+1,MATCH(D$7,'Bottom Up (C)'!$A$89:$O$89,1)))/(INDEX('Bottom Up (C)'!$A$80:$O$89,COUNTA($B$12:$B$20)+1,MATCH(D$7,'Bottom Up (C)'!$A$89:$O$89,1)+1)-INDEX('Bottom Up (C)'!$A$80:$O$89,COUNTA($B$12:$B$20)+1,MATCH(D$7,'Bottom Up (C)'!$A$89:$O$89,1)))*(INDEX('Bottom Up (C)'!$A$80:$O$89,MATCH($B20,$B$12:$B$20,0),MATCH(D$7,'Bottom Up (C)'!$A$89:$O$89,1)+1)-INDEX('Bottom Up (C)'!$A$80:$O$89,MATCH($B20,$B$12:$B$20,0),MATCH(D$7,'Bottom Up (C)'!$A$89:$O$89,1)))+INDEX('Bottom Up (C)'!$A$80:$O$89,MATCH($B20,$B$12:$B$20,0),MATCH(D$7,'Bottom Up (C)'!$A$89:$O$89,1)) -> 0 | E20: =(E$7-INDEX('Bottom Up (C)'!$A$80:$O$89,COUNTA($B$12:$B$20)+1,MATCH(E$7,'Bottom Up (C)'!$A$89:$O$89,1)))/(INDEX('Bottom Up (C)'!$A$80:$O$89,COUNTA($B$12:$B$20)+1,MATCH(E$7,'Bottom Up (C)'!$A$89:$O$89,1)+1)-INDEX('Bottom Up (C)'!$A$80:$O$89,COUNTA($B$12:$B$20)+1,MATCH(E$7,'Bottom Up (C)'!$A$89:$O$89,1)))*(INDEX('Bottom Up (C)'!$A$80:$O$89,MATCH($B20,$B$12:$B$20,0),MATCH(E$7,'Bottom Up (C)'!$A$89:$O$89,1)+1)-INDEX('Bottom Up (C)'!$A$80:$O$89,MATCH($B20,$B$12:$B$20,0),MATCH(E$7,'Bottom Up (C)'!$A$89:$O$89,1)))+INDEX('Bottom Up (C)'!$A$80:$O$89,MATCH($B20,$B$12:$B$20,0),MATCH(E$7,'Bottom Up (C)'!$A$89:$O$89,1)) -> 0 | F20: =(F$7-INDEX('Bottom Up (C)'!$A$80:$O$89,COUNTA($B$12:$B$20)+1,MATCH(F$7,'Bottom Up (C)'!$A$89:$O$89,1)))/(INDEX('Bottom Up (C)'!$A$80:$O$89,COUNTA($B$12:$B$20)+1,MATCH(F$7,'Bottom Up (C)'!$A$89:$O$89,1)+1)-INDEX('Bottom Up (C)'!$A$80:$O$89,COUNTA($B$12:$B$20)+1,MATCH(F$7,'Bottom Up (C)'!$A$89:$O$89,1)))*(INDEX('Bottom Up (C)'!$A$80:$O$89,MATCH($B20,$B$12:$B$20,0),MATCH(F$7,'Bottom Up (C)'!$A$89:$O$89,1)+1)-INDEX('Bottom Up (C)'!$A$80:$O$89,MATCH($B20,$B$12:$B$20,0),MATCH(F$7,'Bottom Up (C)'!$A$89:$O$89,1)))+INDEX('Bottom Up (C)'!$A$80:$O$89,MATCH($B20,$B$12:$B$20,0),MATCH(F$7,'Bottom Up (C)'!$A$89:$O$89,1)) -> 0 | G20: =(G$7-INDEX('Bottom Up (C)'!$A$80:$O$89,COUNTA($B$12:$B$20)+1,MATCH(G$7,'Bottom Up (C)'!$A$89:$O$89,1)))/(INDEX('Bottom Up (C)'!$A$80:$O$89,COUNTA($B$12:$B$20)+1,MATCH(G$7,'Bottom Up (C)'!$A$89:$O$89,1)+1)-INDEX('Bottom Up (C)'!$A$80:$O$89,COUNTA($B$12:$B$20)+1,MATCH(G$7,'Bottom Up (C)'!$A$89:$O$89,1)))*(INDEX('Bottom Up (C)'!$A$80:$O$89,MATCH($B20,$B$12:$B$20,0),MATCH(G$7,'Bottom Up (C)'!$A$89:$O$89,1)+1)-INDEX('Bottom Up (C)'!$A$80:$O$89,MATCH($B20,$B$12:$B$20,0),MATCH(G$7,'Bottom Up (C)'!$A$89:$O$89,1)))+INDEX('Bottom Up (C)'!$A$80:$O$89,MATCH($B20,$B$12:$B$20,0),MATCH(G$7,'Bottom Up (C)'!$A$89:$O$89,1)) -> 0 | H20: =(H$7-INDEX('Bottom Up (C)'!$A$80:$O$89,COUNTA($B$12:$B$20)+1,MATCH(H$7,'Bottom Up (C)'!$A$89:$O$89,1)))/(INDEX('Bottom Up (C)'!$A$80:$O$89,COUNTA($B$12:$B$20)+1,MATCH(H$7,'Bottom Up (C)'!$A$89:$O$89,1)+1)-INDEX('Bottom Up (C)'!$A$80:$O$89,COUNTA($B$12:$B$20)+1,MATCH(H$7,'Bottom Up (C)'!$A$89:$O$89,1)))*(INDEX('Bottom Up (C)'!$A$80:$O$89,MATCH($B20,$B$12:$B$20,0),MATCH(H$7,'Bottom Up (C)'!$A$89:$O$89,1)+1)-INDEX('Bottom Up (C)'!$A$80:$O$89,MATCH($B20,$B$12:$B$20,0),MATCH(H$7,'Bottom Up (C)'!$A$89:$O$89,1)))+INDEX('Bottom Up (C)'!$A$80:$O$89,MATCH($B20,$B$12:$B$20,0),MATCH(H$7,'Bottom Up (C)'!$A$89:$O$89,1)) -> 0 | I20: =(I$7-INDEX('Bottom Up (C)'!$A$80:$O$89,COUNTA($B$12:$B$20)+1,MATCH(I$7,'Bottom Up (C)'!$A$89:$O$89,1)))/(INDEX('Bottom Up (C)'!$A$80:$O$89,COUNTA($B$12:$B$20)+1,MATCH(I$7,'Bottom Up (C)'!$A$89:$O$89,1)+1)-INDEX('Bottom Up (C)'!$A$80:$O$89,COUNTA($B$12:$B$20)+1,MATCH(I$7,'Bottom Up (C)'!$A$89:$O$89,1)))*(INDEX('Bottom Up (C)'!$A$80:$O$89,MATCH($B20,$B$12:$B$20,0),MATCH(I$7,'Bottom Up (C)'!$A$89:$O$89,1)+1)-INDEX('Bottom Up (C)'!$A$80:$O$89,MATCH($B20,$B$12:$B$20,0),MATCH(I$7,'Bottom Up (C)'!$A$89:$O$89,1)))+INDEX('Bottom Up (C)'!$A$80:$O$89,MATCH($B20,$B$12:$B$20,0),MATCH(I$7,'Bottom Up (C)'!$A$89:$O$89,1)) -> 0 | J20: =(J$7-INDEX('Bottom Up (C)'!$A$80:$O$89,COUNTA($B$12:$B$20)+1,MATCH(J$7,'Bottom Up (C)'!$A$89:$O$89,1)))/(INDEX('Bottom Up (C)'!$A$80:$O$89,COUNTA($B$12:$B$20)+1,MATCH(J$7,'Bottom Up (C)'!$A$89:$O$89,1)+1)-INDEX('Bottom Up (C)'!$A$80:$O$89,COUNTA($B$12:$B$20)+1,MATCH(J$7,'Bottom Up (C)'!$A$89:$O$89,1)))*(INDEX('Bottom Up (C)'!$A$80:$O$89,MATCH($B20,$B$12:$B$20,0),MATCH(J$7,'Bottom Up (C)'!$A$89:$O$89,1)+1)-INDEX('Bottom Up (C)'!$A$80:$O$89,MATCH($B20,$B$12:$B$20,0),MATCH(J$7,'Bottom Up (C)'!$A$89:$O$89,1)))+INDEX('Bottom Up (C)'!$A$80:$O$89,MATCH($B20,$B$12:$B$20,0),MATCH(J$7,'Bottom Up (C)'!$A$89:$O$89,1)) -> 0 | K20: =(K$7-INDEX('Bottom Up (C)'!$A$80:$O$89,COUNTA($B$12:$B$20)+1,MATCH(K$7,'Bottom Up (C)'!$A$89:$O$89,1)))/(INDEX('Bottom Up (C)'!$A$80:$O$89,COUNTA($B$12:$B$20)+1,MATCH(K$7,'Bottom Up (C)'!$A$89:$O$89,1)+1)-INDEX('Bottom Up (C)'!$A$80:$O$89,COUNTA($B$12:$B$20)+1,MATCH(K$7,'Bottom Up (C)'!$A$89:$O$89,1)))*(INDEX('Bottom Up (C)'!$A$80:$O$89,MATCH($B20,$B$12:$B$20,0),MATCH(K$7,'Bottom Up (C)'!$A$89:$O$89,1)+1)-INDEX('Bottom Up (C)'!$A$80:$O$89,MATCH($B20,$B$12:$B$20,0),MATCH(K$7,'Bottom Up (C)'!$A$89:$O$89,1)))+INDEX('Bottom Up (C)'!$A$80:$O$89,MATCH($B20,$B$12:$B$20,0),MATCH(K$7,'Bottom Up (C)'!$A$89:$O$89,1)) -> 0 | ... N20: =(N$7-INDEX('Bottom Up (C)'!$A$80:$O$89,COUNTA($B$12:$B$20)+1,MATCH(N$7,'Bottom Up (C)'!$A$89:$O$89,1)))/(INDEX('Bottom Up (C)'!$A$80:$O$89,COUNTA($B$12:$B$20)+1,MATCH(N$7,'Bottom Up (C)'!$A$89:$O$89,1)+1)-INDEX('Bottom Up (C)'!$A$80:$O$89,COUNTA($B$12:$B$20)+1,MATCH(N$7,'Bottom Up (C)'!$A$89:$O$89,1)))*(INDEX('Bottom Up (C)'!$A$80:$O$89,MATCH($B20,$B$12:$B$20,0),MATCH(N$7,'Bottom Up (C)'!$A$89:$O$89,1)+1)-INDEX('Bottom Up (C)'!$A$80:$O$89,MATCH($B20,$B$12:$B$20,0),MATCH(N$7,'Bottom Up (C)'!$A$89:$O$89,1)))+INDEX('Bottom Up (C)'!$A$80:$O$89,MATCH($B20,$B$12:$B$20,0),MATCH(N$7,'Bottom Up (C)'!$A$89:$O$89,1)) -> 35888889
B21: Total | C21: =SUM(C13:C20) -> 0 | D21: =SUM(D13:D20) -> 0 | E21: =SUM(E13:E20) -> 60000000 | F21: =SUM(F13:F20) -> 75000000 | G21: =SUM(G13:G20) -> 80000000 | H21: =SUM(H13:H20) -> 95000000 | I21: =SUM(I13:I20) -> 116000000 | J21: =SUM(J13:J20) -> 138000000 | ... N21: =SUM(N13:N20) -> 9.8e+08
B23: Proceeds /Share:
B24: (placeholder)
B25: Series C | D25: =IFERROR(D13/D36,0) -> 0 | E25: =IFERROR(E13/E36,0) -> 20 | F25: =IFERROR(F13/F36,0) -> 20 | G25: =IFERROR(G13/G36,0) -> 20 | H25: =IFERROR(H13/H36,0) -> 20 | I25: =IFERROR(I13/I36,0) -> 20 | J25: =IFERROR(J13/J36,0) -> 20 | K25: =IFERROR(K13/K36,0) -> 20 | ... N25: =IFERROR(N13/N36,0) -> 55.888889
B26: Series B | D26: =IFERROR(D14/D37,0) -> 0 | E26: =IFERROR(E14/E37,0) -> 0 | F26: =IFERROR(F14/F37,0) -> 6 | G26: =IFERROR(G14/G37,0) -> 6 | H26: =IFERROR(H14/H37,0) -> 6 | I26: =IFERROR(I14/I37,0) -> 6 | J26: =IFERROR(J14/J37,0) -> 6 | K26: =IFERROR(K14/K37,0) -> 8 | ... N26: =IFERROR(N14/N37,0) -> 55.888889
B27: Series A | D27: =IFERROR(D15/D38,0) -> 0 | E27: =IFERROR(E15/E38,0) -> 0 | F27: =IFERROR(F15/F38,0) -> 0 | G27: =IFERROR(G15/G38,0) -> 2 | H27: =IFERROR(H15/H38,0) -> 2 | I27: =IFERROR(I15/I38,0) -> 4 | J27: =IFERROR(J15/J38,0) -> 6 | K27: =IFERROR(K15/K38,0) -> 8 | ... N27: =IFERROR(N15/N38,0) -> 55.888889
B28: Common | D28: =IFERROR(D16/D39,0) -> 0 | E28: =IFERROR(E16/E39,0) -> 0 | F28: =IFERROR(F16/F39,0) -> 0 | G28: =IFERROR(G16/G39,0) -> 0 | H28: =IFERROR(H16/H39,0) -> 2 | I28: =IFERROR(I16/I39,0) -> 4 | J28: =IFERROR(J16/J39,0) -> 6 | K28: =IFERROR(K16/K39,0) -> 8 | ... N28: =IFERROR(N16/N39,0) -> 55.888889
B29: Common Options Z | D29: =IFERROR(D17/D40,0) -> 0 | E29: =IFERROR(E17/E40,0) -> 0 | F29: =IFERROR(F17/F40,0) -> 0 | G29: =IFERROR(G17/G40,0) -> 0 | H29: =IFERROR(H17/H40,0) -> 0 | I29: =IFERROR(I17/I40,0) -> 2 | J29: =IFERROR(J17/J40,0) -> 4 | K29: =IFERROR(K17/K40,0) -> 6 | ... N29: =IFERROR(N17/N40,0) -> 53.888889
B30: Common Options Y | D30: =IFERROR(D18/D41,0) -> 0 | E30: =IFERROR(E18/E41,0) -> 0 | F30: =IFERROR(F18/F41,0) -> 0 | G30: =IFERROR(G18/G41,0) -> 0 | H30: =IFERROR(H18/H41,0) -> 0 | I30: =IFERROR(I18/I41,0) -> 0 | J30: =IFERROR(J18/J41,0) -> 2 | K30: =IFERROR(K18/K41,0) -> 4 | ... N30: =IFERROR(N18/N41,0) -> 51.888889
B31: Common Options X | D31: =IFERROR(D19/D42,0) -> 0 | E31: =IFERROR(E19/E42,0) -> 0 | F31: =IFERROR(F19/F42,0) -> 0 | G31: =IFERROR(G19/G42,0) -> 0 | H31: =IFERROR(H19/H42,0) -> 0 | I31: =IFERROR(I19/I42,0) -> 0 | J31: =IFERROR(J19/J42,0) -> 0 | K31: =IFERROR(K19/K42,0) -> 2 | ... N31: =IFERROR(N19/N42,0) -> 49.888889
B32: Common Options R | D32: =IFERROR(D20/D43,0) -> 0 | E32: =IFERROR(E20/E43,0) -> 0 | F32: =IFERROR(F20/F43,0) -> 0 | G32: =IFERROR(G20/G43,0) -> 0 | H32: =IFERROR(H20/H43,0) -> 0 | I32: =IFERROR(I20/I43,0) -> 0 | J32: =IFERROR(J20/J43,0) -> 0 | K32: =IFERROR(K20/K43,0) -> 0 | ... N32: =IFERROR(N20/N43,0) -> 35.888889
B34: Shares Outstanding:
B35: (placeholder)
B36: Series C | D36: =INDEX('Bottom Up (C)'!$A$93:$O$102,MATCH($B25,$B$24:$B$32,0),MATCH(D$7,'Bottom Up (C)'!$A$90:$O$90,1)) -> 3000000 | E36: =INDEX('Bottom Up (C)'!$A$93:$O$102,MATCH($B25,$B$24:$B$32,0),MATCH(E$7,'Bottom Up (C)'!$A$90:$O$90,1)) -> 3000000 | F36: =INDEX('Bottom Up (C)'!$A$93:$O$102,MATCH($B25,$B$24:$B$32,0),MATCH(F$7,'Bottom Up (C)'!$A$90:$O$90,1)) -> 3000000 | G36: =INDEX('Bottom Up (C)'!$A$93:$O$102,MATCH($B25,$B$24:$B$32,0),MATCH(G$7,'Bottom Up (C)'!$A$90:$O$90,1)) -> 3000000 | H36: =INDEX('Bottom Up (C)'!$A$93:$O$102,MATCH($B25,$B$24:$B$32,0),MATCH(H$7,'Bottom Up (C)'!$A$90:$O$90,1)) -> 3000000 | I36: =INDEX('Bottom Up (C)'!$A$93:$O$102,MATCH($B25,$B$24:$B$32,0),MATCH(I$7,'Bottom Up (C)'!$A$90:$O$90,1)) -> 3000000 | J36: =INDEX('Bottom Up (C)'!$A$93:$O$102,MATCH($B25,$B$24:$B$32,0),MATCH(J$7,'Bottom Up (C)'!$A$90:$O$90,1)) -> 3000000 | K36: =INDEX('Bottom Up (C)'!$A$93:$O$102,MATCH($B25,$B$24:$B$32,0),MATCH(K$7,'Bottom Up (C)'!$A$90:$O$90,1)) -> 3000000 | ... N36: =INDEX('Bottom Up (C)'!$A$93:$O$102,MATCH($B25,$B$24:$B$32,0),MATCH(N$7,'Bottom Up (C)'!$A$90:$O$90,1)) -> 3000000
B37: Series B | D37: =INDEX('Bottom Up (C)'!$A$93:$O$102,MATCH($B26,$B$24:$B$32,0),MATCH(D$7,'Bottom Up (C)'!$A$90:$O$90,1)) -> 2500000 | E37: =INDEX('Bottom Up (C)'!$A$93:$O$102,MATCH($B26,$B$24:$B$32,0),MATCH(E$7,'Bottom Up (C)'!$A$90:$O$90,1)) -> 2500000 | F37: =INDEX('Bottom Up (C)'!$A$93:$O$102,MATCH($B26,$B$24:$B$32,0),MATCH(F$7,'Bottom Up (C)'!$A$90:$O$90,1)) -> 2500000 | G37: =INDEX('Bottom Up (C)'!$A$93:$O$102,MATCH($B26,$B$24:$B$32,0),MATCH(G$7,'Bottom Up (C)'!$A$90:$O$90,1)) -> 2500000 | H37: =INDEX('Bottom Up (C)'!$A$93:$O$102,MATCH($B26,$B$24:$B$32,0),MATCH(H$7,'Bottom Up (C)'!$A$90:$O$90,1)) -> 2500000 | I37: =INDEX('Bottom Up (C)'!$A$93:$O$102,MATCH($B26,$B$24:$B$32,0),MATCH(I$7,'Bottom Up (C)'!$A$90:$O$90,1)) -> 2500000 | J37: =INDEX('Bottom Up (C)'!$A$93:$O$102,MATCH($B26,$B$24:$B$32,0),MATCH(J$7,'Bottom Up (C)'!$A$90:$O$90,1)) -> 2500000 | K37: =INDEX('Bottom Up (C)'!$A$93:$O$102,MATCH($B26,$B$24:$B$32,0),MATCH(K$7,'Bottom Up (C)'!$A$90:$O$90,1)) -> 2500000 | ... N37: =INDEX('Bottom Up (C)'!$A$93:$O$102,MATCH($B26,$B$24:$B$32,0),MATCH(N$7,'Bottom Up (C)'!$A$90:$O$90,1)) -> 2500000
B38: Series A | D38: =INDEX('Bottom Up (C)'!$A$93:$O$102,MATCH($B27,$B$24:$B$32,0),MATCH(D$7,'Bottom Up (C)'!$A$90:$O$90,1)) -> 2500000 | E38: =INDEX('Bottom Up (C)'!$A$93:$O$102,MATCH($B27,$B$24:$B$32,0),MATCH(E$7,'Bottom Up (C)'!$A$90:$O$90,1)) -> 2500000 | F38: =INDEX('Bottom Up (C)'!$A$93:$O$102,MATCH($B27,$B$24:$B$32,0),MATCH(F$7,'Bottom Up (C)'!$A$90:$O$90,1)) -> 2500000 | G38: =INDEX('Bottom Up (C)'!$A$93:$O$102,MATCH($B27,$B$24:$B$32,0),MATCH(G$7,'Bottom Up (C)'!$A$90:$O$90,1)) -> 2500000 | H38: =INDEX('Bottom Up (C)'!$A$93:$O$102,MATCH($B27,$B$24:$B$32,0),MATCH(H$7,'Bottom Up (C)'!$A$90:$O$90,1)) -> 2500000 | I38: =INDEX('Bottom Up (C)'!$A$93:$O$102,MATCH($B27,$B$24:$B$32,0),MATCH(I$7,'Bottom Up (C)'!$A$90:$O$90,1)) -> 2500000 | J38: =INDEX('Bottom Up (C)'!$A$93:$O$102,MATCH($B27,$B$24:$B$32,0),MATCH(J$7,'Bottom Up (C)'!$A$90:$O$90,1)) -> 2500000 | K38: =INDEX('Bottom Up (C)'!$A$93:$O$102,MATCH($B27,$B$24:$B$32,0),MATCH(K$7,'Bottom Up (C)'!$A$90:$O$90,1)) -> 2500000 | ... N38: =INDEX('Bottom Up (C)'!$A$93:$O$102,MATCH($B27,$B$24:$B$32,0),MATCH(N$7,'Bottom Up (C)'!$A$90:$O$90,1)) -> 2500000
B39: Common | D39: =INDEX('Bottom Up (C)'!$A$93:$O$102,MATCH($B28,$B$24:$B$32,0),MATCH(D$7,'Bottom Up (C)'!$A$90:$O$90,1)) -> 7500000 | E39: =INDEX('Bottom Up (C)'!$A$93:$O$102,MATCH($B28,$B$24:$B$32,0),MATCH(E$7,'Bottom Up (C)'!$A$90:$O$90,1)) -> 7500000 | F39: =INDEX('Bottom Up (C)'!$A$93:$O$102,MATCH($B28,$B$24:$B$32,0),MATCH(F$7,'Bottom Up (C)'!$A$90:$O$90,1)) -> 7500000 | G39: =INDEX('Bottom Up (C)'!$A$93:$O$102,MATCH($B28,$B$24:$B$32,0),MATCH(G$7,'Bottom Up (C)'!$A$90:$O$90,1)) -> 7500000 | H39: =INDEX('Bottom Up (C)'!$A$93:$O$102,MATCH($B28,$B$24:$B$32,0),MATCH(H$7,'Bottom Up (C)'!$A$90:$O$90,1)) -> 7500000 | I39: =INDEX('Bottom Up (C)'!$A$93:$O$102,MATCH($B28,$B$24:$B$32,0),MATCH(I$7,'Bottom Up (C)'!$A$90:$O$90,1)) -> 7500000 | J39: =INDEX('Bottom Up (C)'!$A$93:$O$102,MATCH($B28,$B$24:$B$32,0),MATCH(J$7,'Bottom Up (C)'!$A$90:$O$90,1)) -> 7500000 | K39: =INDEX('Bottom Up (C)'!$A$93:$O$102,MATCH($B28,$B$24:$B$32,0),MATCH(K$7,'Bottom Up (C)'!$A$90:$O$90,1)) -> 7500000 | ... N39: =INDEX('Bottom Up (C)'!$A$93:$O$102,MATCH($B28,$B$24:$B$32,0),MATCH(N$7,'Bottom Up (C)'!$A$90:$O$90,1)) -> 7500000
B40: Common Options Z | D40: =INDEX('Bottom Up (C)'!$A$93:$O$102,MATCH($B29,$B$24:$B$32,0),MATCH(D$7,'Bottom Up (C)'!$A$90:$O$90,1)) -> 0 | E40: =INDEX('Bottom Up (C)'!$A$93:$O$102,MATCH($B29,$B$24:$B$32,0),MATCH(E$7,'Bottom Up (C)'!$A$90:$O$90,1)) -> 0 | F40: =INDEX('Bottom Up (C)'!$A$93:$O$102,MATCH($B29,$B$24:$B$32,0),MATCH(F$7,'Bottom Up (C)'!$A$90:$O$90,1)) -> 0 | G40: =INDEX('Bottom Up (C)'!$A$93:$O$102,MATCH($B29,$B$24:$B$32,0),MATCH(G$7,'Bottom Up (C)'!$A$90:$O$90,1)) -> 0 | H40: =INDEX('Bottom Up (C)'!$A$93:$O$102,MATCH($B29,$B$24:$B$32,0),MATCH(H$7,'Bottom Up (C)'!$A$90:$O$90,1)) -> 500000 | I40: =INDEX('Bottom Up (C)'!$A$93:$O$102,MATCH($B29,$B$24:$B$32,0),MATCH(I$7,'Bottom Up (C)'!$A$90:$O$90,1)) -> 500000 | J40: =INDEX('Bottom Up (C)'!$A$93:$O$102,MATCH($B29,$B$24:$B$32,0),MATCH(J$7,'Bottom Up (C)'!$A$90:$O$90,1)) -> 500000 | K40: =INDEX('Bottom Up (C)'!$A$93:$O$102,MATCH($B29,$B$24:$B$32,0),MATCH(K$7,'Bottom Up (C)'!$A$90:$O$90,1)) -> 500000 | ... N40: =INDEX('Bottom Up (C)'!$A$93:$O$102,MATCH($B29,$B$24:$B$32,0),MATCH(N$7,'Bottom Up (C)'!$A$90:$O$90,1)) -> 500000
B41: Common Options Y | D41: =INDEX('Bottom Up (C)'!$A$93:$O$102,MATCH($B30,$B$24:$B$32,0),MATCH(D$7,'Bottom Up (C)'!$A$90:$O$90,1)) -> 0 | E41: =INDEX('Bottom Up (C)'!$A$93:$O$102,MATCH($B30,$B$24:$B$32,0),MATCH(E$7,'Bottom Up (C)'!$A$90:$O$90,1)) -> 0 | F41: =INDEX('Bottom Up (C)'!$A$93:$O$102,MATCH($B30,$B$24:$B$32,0),MATCH(F$7,'Bottom Up (C)'!$A$90:$O$90,1)) -> 0 | G41: =INDEX('Bottom Up (C)'!$A$93:$O$102,MATCH($B30,$B$24:$B$32,0),MATCH(G$7,'Bottom Up (C)'!$A$90:$O$90,1)) -> 0 | H41: =INDEX('Bottom Up (C)'!$A$93:$O$102,MATCH($B30,$B$24:$B$32,0),MATCH(H$7,'Bottom Up (C)'!$A$90:$O$90,1)) -> 0 | I41: =INDEX('Bottom Up (C)'!$A$93:$O$102,MATCH($B30,$B$24:$B$32,0),MATCH(I$7,'Bottom Up (C)'!$A$90:$O$90,1)) -> 500000 | J41: =INDEX('Bottom Up (C)'!$A$93:$O$102,MATCH($B30,$B$24:$B$32,0),MATCH(J$7,'Bottom Up (C)'!$A$90:$O$90,1)) -> 500000 | K41: =INDEX('Bottom Up (C)'!$A$93:$O$102,MATCH($B30,$B$24:$B$32,0),MATCH(K$7,'Bottom Up (C)'!$A$90:$O$90,1)) -> 500000 | ... N41: =INDEX('Bottom Up (C)'!$A$93:$O$102,MATCH($B30,$B$24:$B$32,0),MATCH(N$7,'Bottom Up (C)'!$A$90:$O$90,1)) -> 500000
B42: Common Options X | D42: =INDEX('Bottom Up (C)'!$A$93:$O$102,MATCH($B31,$B$24:$B$32,0),MATCH(D$7,'Bottom Up (C)'!$A$90:$O$90,1)) -> 0 | E42: =INDEX('Bottom Up (C)'!$A$93:$O$102,MATCH($B31,$B$24:$B$32,0),MATCH(E$7,'Bottom Up (C)'!$A$90:$O$90,1)) -> 0 | F42: =INDEX('Bottom Up (C)'!$A$93:$O$102,MATCH($B31,$B$24:$B$32,0),MATCH(F$7,'Bottom Up (C)'!$A$90:$O$90,1)) -> 0 | G42: =INDEX('Bottom Up (C)'!$A$93:$O$102,MATCH($B31,$B$24:$B$32,0),MATCH(G$7,'Bottom Up (C)'!$A$90:$O$90,1)) -> 0 | H42: =INDEX('Bottom Up (C)'!$A$93:$O$102,MATCH($B31,$B$24:$B$32,0),MATCH(H$7,'Bottom Up (C)'!$A$90:$O$90,1)) -> 0 | I42: =INDEX('Bottom Up (C)'!$A$93:$O$102,MATCH($B31,$B$24:$B$32,0),MATCH(I$7,'Bottom Up (C)'!$A$90:$O$90,1)) -> 0 | J42: =INDEX('Bottom Up (C)'!$A$93:$O$102,MATCH($B31,$B$24:$B$32,0),MATCH(J$7,'Bottom Up (C)'!$A$90:$O$90,1)) -> 500000 | K42: =INDEX('Bottom Up (C)'!$A$93:$O$102,MATCH($B31,$B$24:$B$32,0),MATCH(K$7,'Bottom Up (C)'!$A$90:$O$90,1)) -> 500000 | ... N42: =INDEX('Bottom Up (C)'!$A$93:$O$102,MATCH($B31,$B$24:$B$32,0),MATCH(N$7,'Bottom Up (C)'!$A$90:$O$90,1)) -> 500000
B43: Common Options R | D43: =INDEX('Bottom Up (C)'!$A$93:$O$102,MATCH($B32,$B$24:$B$32,0),MATCH(D$7,'Bottom Up (C)'!$A$90:$O$90,1)) -> 0 | E43: =INDEX('Bottom Up (C)'!$A$93:$O$102,MATCH($B32,$B$24:$B$32,0),MATCH(E$7,'Bottom Up (C)'!$A$90:$O$90,1)) -> 0 | F43: =INDEX('Bottom Up (C)'!$A$93:$O$102,MATCH($B32,$B$24:$B$32,0),MATCH(F$7,'Bottom Up (C)'!$A$90:$O$90,1)) -> 0 | G43: =INDEX('Bottom Up (C)'!$A$93:$O$102,MATCH($B32,$B$24:$B$32,0),MATCH(G$7,'Bottom Up (C)'!$A$90:$O$90,1)) -> 0 | H43: =INDEX('Bottom Up (C)'!$A$93:$O$102,MATCH($B32,$B$24:$B$32,0),MATCH(H$7,'Bottom Up (C)'!$A$90:$O$90,1)) -> 0 | I43: =INDEX('Bottom Up (C)'!$A$93:$O$102,MATCH($B32,$B$24:$B$32,0),MATCH(I$7,'Bottom Up (C)'!$A$90:$O$90,1)) -> 0 | J43: =INDEX('Bottom Up (C)'!$A$93:$O$102,MATCH($B32,$B$24:$B$32,0),MATCH(J$7,'Bottom Up (C)'!$A$90:$O$90,1)) -> 0 | K43: =INDEX('Bottom Up (C)'!$A$93:$O$102,MATCH($B32,$B$24:$B$32,0),MATCH(K$7,'Bottom Up (C)'!$A$90:$O$90,1)) -> 0 | ... N43: =INDEX('Bottom Up (C)'!$A$93:$O$102,MATCH($B32,$B$24:$B$32,0),MATCH(N$7,'Bottom Up (C)'!$A$90:$O$90,1)) -> 1000000
B44: Total | D44: =SUM(D35:D43) -> 15500000 | E44: =SUM(E35:E43) -> 15500000 | F44: =SUM(F35:F43) -> 15500000 | G44: =SUM(G35:G43) -> 15500000 | H44: =SUM(H35:H43) -> 16000000 | I44: =SUM(I35:I43) -> 16500000 | J44: =SUM(J35:J43) -> 17000000 | K44: =SUM(K35:K43) -> 17000000 | ... N44: =SUM(N35:N43) -> 18000000
